Workbook
Name _ftn1: Breakdown!#REF!
Name _ftnref1: Budget_UNDP!#REF!

Sheet Breakdown
A1: Project Components | B1: Financing type | C1: Expected Outcome | D1: Expected Outputs | F1: UNDP Budget Lines | H1: Source of funds | I1: GEF | J1: UNDP
F2: Code | G2: Description | K2: Output Total (GEF & UNDP) | L2: Year 1 | M2: Year 2 | N2: Year 3 | O2: Year 4
A3: Component 1: Policy and Regulation | B3: TA | C3: 1. Stakeholder ownership in a national minigrid delivery model is advanced, and appropriate policies and regulations are adopted to facilitate investment in low-carbon minigrids. | D3: 1.1. | E3: An inclusive national dialogue to identify minigrid delivery models is facilitated, clarifying priority interventions for an integrated approach to off-grid electrification | F3: 71200 | G3: International consultants | H3: UNDP | I3: =K3-J3 -> 0 | J3: =K3 -> 9800 | K3: =SUM(L3:O3) -> 9800 | L3: =700*2*7 -> 9800 | M3: 0 | N3: 0 | O3: 0 | P3: 2 consultants paid @ $700 / day for 7 days
F4: 71300 | G4: Local Consultants | H4: GEF | I4: =K4-J4 -> 6000 | J4: 0 | K4: =SUM(L4:O4) -> 6000 | L4: =5*300 -> 1500 | M4: =5*300 -> 1500 | N4: =5*300 -> 1500 | O4: =5*300 -> 1500 | P4: $300 per meeting x 20 meetings over 4 years
F5: 71600 | G5: Travel | H5: GEF | I5: =K5-J5 -> 10010 | J5: 0 | K5: =SUM(L5:O5) -> 10010 | L5: =5*2*281+2*2*800+200*5 -> 7010 | M5: =5*200 -> 1000 | N5: =5*200 -> 1000 | O5: =5*200 -> 1000 | P5: Includes: - DSA for local travel for each meeting (@$200/meeting for 20 meetings, 5 in each year); - DSA for 2 people for 5 days @$281/day from the Senegalese platform in 2 trips (3 days + 2 days in Y1); - 2 return tickets (Dakar - Ouagadougou) for 2 people from the Senegalese Platform (@$800/flight) in Y1
F6: 75700 | G6: Training, workshop and conferences | H6: GEF | I6: =K6-J6 -> 6000 | J6: 0 | K6: =SUM(L6:O6) -> 6000 | L6: 1500 | M6: 1500 | N6: 1500 | O6: 1500 | P6: This will cover venues and related cost for for capacity- building trainings of multi-stakeholders' platform on various themes such as e-waste, tax-exemption, fundraising, delivery models, innovative minigrid technologies, etc. This line item will also cover participation of members of the Platform in workshops, when necessary (@$1,500/year)
D7: 1.2 | E7: Drafting a specific minigrid strategy including Mini-grid delivery model(s) identified from national dialogue on mini-grids. | F7: 71200 | G7: International consultants | H7: GEF | I7: =K7-J7 -> 8400 | J7: 0 | K7: =SUM(L7:O7) -> 8400 | L7: =700*12 -> 8400 | M7: 0 | N7: 0 | O7: 0 | P7: This covers contracting of 1 senior international consultant for 12 days (@ $700/day) with expertise in minigrid delivery models in Y1.
F8: 71300 | G8: Local Consultants | H8: GEF | I8: =K8-J8 -> 6000 | J8: 0 | K8: =SUM(L8:O8) -> 6000 | L8: =300*20 -> 6000 | M8: 0 | N8: 0 | O8: 0 | P8: A local technical expert will be contracted for 20 days to support the international consultant in drafting a minigrid delivery strategy (@$300/day) in Y1.
F9: 71600 | G9: Travel | H9: GEF | I9: =K9-J9 -> 4024 | J9: 0 | K9: =SUM(L9:O9) -> 4024 | L9: =4*281+1500+20*70 -> 4024 | M9: 0 | N9: 0 | O9: 0 | P9: This covers (all in Y1): - 4 days DSA for international consultant ($281*4); - 1 international return ticket for international consultant (@$1,500 per return ticket). The international consultant will attend the inception workshop virtually and the dissemination workshop on site. - Local travel for local consultant and stakeholders ($20*70).
F10: 75700 | G10: Training, workshop and conferences | H10: GEF | I10: =K10-J10 -> 5000 | J10: 0 | K10: =SUM(L10:O10) -> 5000 | L10: =2*2500 -> 5000 | M10: 0 | N10: 0 | O10: 0 | P10: This covers venue and related costs for 2 workshops (inception and dissemination) in Y1 during the minigrid strategy development (@$2,500 per workshop)
D11: 1.3 | E11: Capacity building of public officials (regulator, ministries, agencies) and private sector to fully play their role (tariffs, design procurement/tender processes that incorporate cost-reduction levers and innovative business models etc.) vis-à-vis texts emanating from the Energy Law | F11: 71200 | G11: International consultants | H11: UNDP | I11: =K11-J11 -> 0 | J11: =K11 -> 14000 | K11: =SUM(L11:O11) -> 14000 | L11: =8*700 -> 5600 | M11: =8*700 -> 5600 | N11: =4*700 -> 2800 | O11: 0 | P11: International consultant will be recruited for 20 days (8 days in Y1, 8 days in Y2, 4 days in Y3), so 3 trainings in total, to provide capacity-building trainings to targeted public sector stakeholders involved in minigrid promotion such as regulator, agencies, etc. (@ $700/day)
F12: 71300 | G12: Local Consultants | H12: GEF | I12: =K12-J12 -> 6000 | J12: 0 | K12: =SUM(L12:O12) -> 6000 | L12: =8*300 -> 2400 | M12: =8*300 -> 2400 | N12: =4*300 -> 1200 | O12: 0 | P12: A local consultant will be recruited for 20 days (8 days in Y1, 8 days in Y2, 4 days in Y3) to support the international expert in providing capacity-building trainings (@$300/day)
F13: 71600 | G13: Travel | H13: GEF | I13: =K13-J13 -> 12763 | J13: 0 | K13: =SUM(L13:O13) -> 12763 | L13: =9*281+30*20+1500 -> 4629 | M13: =9*281+30*20+1500 -> 4629 | N13: =5*281+30*20+1500 -> 3505 | O13: 0 | P13: This covers: - DSA for the international consultant for the 3 trainings (9 days in Y1, 9 days in Y2, 5 days in Y3) @ $281/day; - Local travel for participants to the 3 trainings: 30 participants per training @$20/participant/training; - 3 return tickets for the international consultant @ $1,500/ticket (1 in each of Y1, Y2, Y3)
F14: 72300 | G14: Materials & Goods | H14: GEF | I14: =K14-J14 -> 3000 | J14: 0 | K14: =SUM(L14:O14) -> 3000 | L14: 1000 | M14: 1000 | N14: 1000 | O14: 0 | P14: For procurement of tools necessary for increasing capacity of target stakeholders (@ $1,000 per year in Y1, Y2, Y3)
F15: 72500 | G15: Supplies | H15: GEF | I15: =K15-J15 -> 3000 | J15: 0 | K15: =SUM(L15:O15) -> 3000 | L15: 1000 | M15: 1000 | N15: 1000 | O15: 0 | P15: Supplies related to trainings and building technical capacities of target institutional actors (@ $1,000 per year in Y1, Y2, Y3)
F16: 75700 | G16: Training, workshop and conferences | H16: GEF | I16: =K16-J16 -> 7000 | J16: 0 | K16: =SUM(L16:O16) -> 7000 | L16: 2500 | M16: 2500 | N16: 2000 | O16: 0 | P16: To cover venue and related cost for the 3 trainings @ $2,500 per training in Y1 and Y2, and $2,000 in Y3.
D17: 1.4 | E17: Domestication of quality standards for solar minigrid components, and institutional capacity of national standards organizations/bureau strengthened | F17: 71200 | G17: International consultants | H17: GEF | I17: =K17-J17 -> 14000 | J17: 0 | K17: =SUM(L17:O17) -> 14000 | L17: =5*700 -> 3500 | M17: =15*700 -> 10500 | N17: 0 | O17: 0 | P17: An international expert on quality standards for minigrids will be recruited for 20 days (@ $700/day), including 5 days in Y1 and 15 days in Y2 to support development of quality standards and institutional capacity-building.
F18: 71300 | G18: Local Consultants | H18: GEF | I18: =K18-J18 -> 6000 | J18: 0 | K18: =SUM(L18:O18) -> 6000 | L18: =5*300 -> 1500 | M18: =15*300 -> 4500 | N18: 0 | O18: 0 | P18: A national consultant will be recruited to suppport the international expert. This is planned to cover 20 days level of effort (@ $300/day), including 5 days in Y1 and 15 days in Y2.
F19: 71600 | G19: Travel | H19: GEF | I19: =K19-J19 -> 10796 | J19: 0 | K19: =SUM(L19:O19) -> 10796 | L19: =4*281+30*20+1500 -> 3224 | M19: =12*281+30*20*2+3000 -> 7572 | N19: 0 | O19: 0 | P19: This covers: - DSA for the international consultant for the 3 trainings (4 days in Y1 and 12 days in Y2) @$281/day; - Local travel for participants to the 3 trainings: 30 participants per training @$20/participant/training, with 1 training in Y1 and 2 trainings in Y2; - 3 return tickets for the international consultant @ $2,000/ticket (1 in Y1 and 2 in Y2).
F20: 72300 | G20: Materials & Goods | H20: GEF | I20: =K20-J20 -> 5000 | J20: 0 | K20: =SUM(L20:O20) -> 5000 | L20: 5000 | M20: 0 | N20: 0 | O20: 0 | P20: Covers equipement and material for the testing laboratory (bought in Y1), for $5,000 in total.
F21: 74200 | G21: Audio Visual & Print Prod Costs | H21: GEF | I21: =K21-J21 -> 1000 | J21: 0 | K21: =SUM(L21:O21) -> 1000 | L21: 0 | M21: 1000 | N21: 0 | O21: 0 | P21: Communication costs at $1,000 in Y2.
F22: 75700 | G22: Training, workshop and conferences | H22: GEF | I22: =K22-J22 -> 7500 | J22: 0 | K22: =SUM(L22:O22) -> 7500 | L22: =2500 -> 2500 | M22: =2*2500 -> 5000 | N22: 0 | O22: 0 | P22: This covers 3 trainings @2,500/training, including 1 training and Y1 and 2 trainings in Y2.
F23: 72800 | G23: IT Equipment | H23: GEF | I23: =K23-J23 -> 8000 | J23: 0 | K23: =SUM(L23:O23) -> 8000 | L23: =8000 -> 8000 | M23: 0 | N23: 0 | O23: 0 | P23: This covers 3 computers and other IT equipment for the testing laboratory (bought in Y1), for a total of $8,000.
D24: 1.5 | E24: Operationalizing a certification scheme for installer building on ECREEE’s Regional Certification Scheme | F24: 71200 | G24: International consultants | H24: GEF | I24: =K24-J24 -> 7000 | J24: 0 | K24: =SUM(L24:O24) -> 7000 | L24: =5*700 -> 3500 | M24: =5*700 -> 3500 | N24: 0 | O24: 0 | P24: An international expert will be recruited for 10 days (@ $700/day), including 5 days in Y1 and 5 days in Y2 to support the operatinalization of the certification scheme.
F25: 71300 | G25: Local Consultants | H25: GEF | I25: =K25-J25 -> 3000 | J25: 0 | K25: =SUM(L25:O25) -> 3000 | L25: =5*300 -> 1500 | M25: =5*300 -> 1500 | N25: 0 | O25: 0 | P25: A local consultant will be recruited for 10 days (@ $300/day), including 5 days in Y1 and 5 days in Y2 to support the international consultant.
F26: 71600 | G26: Travel | H26: GEF | I26: =K26-J26 -> 7448 | J26: 0 | K26: =SUM(L26:O26) -> 7448 | L26: =4*281+30*20+2000 -> 3724 | M26: =4*281+30*20+2000 -> 3724 | N26: 0 | O26: 0 | P26: This covers: - DSA for the international consultant for 2 trainings (4 days in Y1 and 4 days in Y2) @$281/day; - Local travel for participants to the 2 trainings: 30 participants per training @$20/participant/training, with 1 training in Y1 and 1 training in Y2; - 2 return tickets for the international consultant @ $2,000/ticket (1 in Y1 and 1 in Y2).
F27: 72300 | G27: Materials & Goods | H27: UNDP | I27: =K27-J27 -> 0 | J27: 8000 | K27: =SUM(L27:O27) -> 8000 | L27: 4000 | M27: 4000 | N27: 0 | O27: 0 | P27: Covers equipement and material for the trainings, $4,000 in Y1 and $4,000 in Y2.
F28: 75700 | G28: Training, workshop and conferences | H28: GEF | I28: =K28-J28 -> 5000 | J28: 0 | K28: =SUM(L28:O28) -> 5000 | L28: 2500 | M28: 2500 | P28: This covers 2 trainings @2,500/training, including 1 training and Y1 and 1 training in Y2.
D29: 1.6 | E29: Light quantitative mini-grid DREI techno-economic analysis carried in Year 4 | F29: 71200 | G29: International consultants | H29: GEF | I29: =K29-J29 -> 7000 | J29: 0 | K29: =SUM(L29:O29) -> 7000 | L29: 0 | M29: 0 | N29: 0 | O29: =700*10 -> 7000 | P29: An international consultant @$700/day will be recruited for 10 days in Y4 to conduct the lightweight DREI analysis.
F30: 71300 | G30: Local Consultants | H30: GEF | I30: =K30-J30 -> 3000 | J30: 0 | K30: =SUM(L30:O30) -> 3000 | L30: 0 | M30: 0 | N30: 0 | O30: =300*10 -> 3000 | P30: A national consultant @ $300/day will be recruited for 10 days in Y4 to support the lightweight DREI analysis.
F31: 74200 | G31: Audio Visual & Print Prod Costs | H31: GEF | I31: =K31-J31 -> 3000 | J31: 0 | K31: =SUM(L31:O31) -> 3000 | L31: 0 | M31: 0 | N31: 0 | O31: 3000 | P31: Communication and translation costs for $3,000 in Y4.
A32: Sub-total Component 1 | G32: component 1 | I32: =SUM(I3:I31) -> 164941 | J32: =SUM(J3:J31) -> 31800 | K32: =SUM(K3:K31) -> 196741 | L32: =SUM(L3:L31) -> 99311 | M32: =SUM(M3:M31) -> 64925 | N32: =SUM(N3:N31) -> 15505 | O32: =SUM(O3:O31) -> 17000
A33: Component 2: Project and Business Model Innovation with Private Sector Engagement | B33: Inv & TA | C33: 2. Innovative business models based on cost reduction operationalized, with strengthened private sector participation in low-carbon minigrid development | D33: 2.1. | E33: Pilots developed, including on productive use/innovative appliances and modular hardware/system design, leading to cost-reduction in mini-grids (in regions complementing WB and AfDB investments). | F33: 71200 | G33: International consultants | H33: GEF | I33: =K33-J33 -> 19020 | J33: 0 | K33: =SUM(L33:O33) -> 19020 | L33: =7020+12000 -> 19020 | M33: 0 | N33: 0 | O33: 0 | P33: This include: - $12K for a legal consultant to support the tender and contracting process for the pilot projects in Y1; - $7,020 for a safeguards consultant in Y1.
F34: 71200 | G34: International consultants | H34: UNDP | I34: 0 | J34: =K34 -> 25248 | K34: =SUM(L34:O34) -> 25248 | L34: =6215 -> 6215 | M34: =2104*3 -> 6312 | N34: 6409 | O34: =2104*3 -> 6312 | P34: $6,312/year for safeguards and gender consultants.
F35: 72100 | G35: Contractual Services - companies | H35: GEF | I35: =K35-J35 -> 13100 | J35: 0 | K35: =SUM(L35:O35) -> 13100 | L35: 0 | M35: =3200+3306 -> 6506 | N35: =3297 -> 3297 | O35: =3297 -> 3297 | P35: Sub-contract to international firm/manufacturer to provide O&M @ $6,506 for Y2 then $3,297/year for Y3, Y4;
F36: 72300 | G36: Materials & Goods | H36: GEF | I36: =K36-J36 -> 236378 | J36: 0 | K36: =SUM(L36:O36) -> 236378 | L36: 0 | M36: 236378 | N36: 0 | O36: 0 | P36: Procurement of minigrid and related goods and services for the two pilot projects
F37: 72300 | G37: Materials & Goods | H37: UNDP | J37: =K37 -> 399622 | K37: =SUM(L37:O37) -> 399622 | L37: 0 | M37: 177622 | N37: 222000 | O37: 0 | P37: Procurement of minigrid and related goods and services for the two pilot projects
F38: 75700 | G38: Training, workshop and conferences | H38: GEF | I38: =K38-J38 -> 15000 | J38: 0 | K38: =SUM(L38:O38) -> 15000 | L38: 5000 | M38: 5000 | N38: 5000 | O38: 0 | P38: Training in innovative business models, entrepreneurship, installations, financial literacy for women. Also, issues of IPP and climate change will be covered under these trainings.
D39: 2.2. | E39: Capacity of winning tender bidders / new COOPELs and private sector actors (industry associations such as APER and others) strengthened to develop and implement innovative business models and cost-reduction levers. | F39: 71200 | G39: International consultants | H39: UNDP | I39: =K39-J39 -> 0 | J39: 9800 | K39: =SUM(L39:O39) -> 9800 | L39: =7*700 -> 4900 | M39: =7*700 -> 4900 | N39: 0 | O39: 0 | P39: International expert recruited for about 14 days to suppport training of target stakeholders
F40: 71300 | G40: Local Consultants | H40: GEF | I40: =K40-J40 -> 6000 | J40: 0 | K40: =SUM(L40:O40) -> 6000 | L40: =10*300 -> 3000 | M40: =10*300 -> 3000 | N40: 0 | O40: 0 | P40: Local expert to support elaboration and capacity-buidling in collaboration with an international expert.
F41: 71600 | G41: Travel | H41: GEF | I41: =K41-J41 -> 8010 | J41: 0 | K41: =SUM(L41:O41) -> 8010 | L41: =281*5+30*20+2000 -> 4005 | M41: =281*5+30*20+2000 -> 4005 | N41: 0 | O41: 0 | P41: This covers: - DSA for the international consultant for the 2 trainings (5 days in Y1, 5 days in Y2) @ $281/day; - Local travel for participants to the 2 trainings: 30 participants per training @$20/participant/training; - 2 return tickets for the international consultant @ $2,000/ticket (1 in each of Y1, Y2)
F42: 75700 | G42: Training, workshop and conferences | H42: GEF | I42: =K42-J42 -> 5000 | J42: 0 | K42: =SUM(L42:O42) -> 5000 | L42: 2500 | M42: 2500 | N42: 0 | O42: 0 | P42: This covers 2 trainings @2,500/training, including 1 training and Y1 and 1 training in Y2.
D43: 2.3. | E43: Support provided to establish and grow a national industry association for private sector developers | F43: 71200 | G43: International consultants | H43: UNDP | I43: =K43-J43 -> 0 | J43: 8400 | K43: =SUM(L43:O43) -> 8400 | L43: =700*6 -> 4200 | M43: =700*6 -> 4200 | N43: 0 | O43: 0 | P43: An international consultant will support the industry association in terms of best-practices, membership growth, bylaws, etc. 12 days @ $700/day
F44: 71300 | G44: Local Consultants | H44: GEF | I44: =K44-J44 -> 7200 | J44: 0 | K44: =SUM(L44:O44) -> 7200 | L44: =12*300 -> 3600 | M44: =12*300 -> 3600 | N44: 0 | O44: 0 | P44: Part-time HR to provide admin services to the Association and also adhoc consulting needs (12 days @ $300/day for Y1 and Y2)
F45: 71600 | G45: Travel | H45: GEF | I45: =K45-J45 -> 12120 | J45: 0 | K45: =SUM(L45:O45) -> 12120 | L45: 0 | M45: =4*5*281+2000+3*1500 -> 12120 | N45: 0 | O45: 0 | P45: This covers: - DSAs for 4 people for 5 days @ $281/day; - 4 return tickets: 1 for the international consultant @ $2,000/ticket, and 3 for the members of the association @ $1,500/ticket
F46: 72100 | G46: Contractual Services - companies | H46: UNDP | I46: =K46-J46 -> 0 | J46: 4000 | K46: =SUM(L46:O46) -> 4000 | L46: 2000 | M46: 2000 | N46: 0 | O46: 0 | P46: A firm will be hired to develop/design communication collaterals for the association such as website, deck, etc.
F47: 72300 | G47: Materials & Goods | H47: UNDP | I47: =K47-J47 -> 0 | J47: 2000 | K47: =SUM(L47:O47) -> 2000 | L47: 2000 | M47: 0 | N47: 0 | O47: 0 | P47: This will cover office supplies for the association, i.e. furnitures, etc.
F48: 74200 | G48: Audio Visual & Print Prod Costs | H48: GEF | I48: =K48-J48 -> 1500 | J48: 0 | K48: =SUM(L48:O48) -> 1500 | L48: 1500 | M48: 0 | N48: 0 | O48: 0 | P48: This will cover printing of brochures, business cards and etc.
F49: 75700 | G49: Training, workshop and conferences | H49: GEF | I49: =K49-J49 -> 5000 | J49: 0 | K49: =SUM(L49:O49) -> 5000 | M49: 2500 | N49: 2500 | O49: 0 | P49: This covers venue, breaks, etc. fees paid to attend conferences, etc. as well as possible registration fees to attend workshops
F50: 72800 | G50: IT Equipment | H50: GEF | I50: =K50-J50 -> 2500 | J50: 0 | K50: =SUM(L50:O50) -> 2500 | L50: 2500 | M50: 0 | N50: 0 | O50: 0 | P50: 2 computers, 1 printers, etc. for the office
F51: 74100 | G51: Professional Services (Audit) | H51: UNDP | I51: =K51-J51 -> 0 | J51: 4000 | K51: =SUM(L51:O51) -> 4000 | L51: 2000 | M51: 2000 | N51: 0 | O51: 0 | P51: To cover initiatial support for industry association in terms book-keeping, audit for 2 years@$2K per year
A52: Sub-total Component 2 | G52: component 2 | I52: =SUM(I33:I51) -> 330828 | J52: =SUM(J33:J51) -> 453070 | K52: =SUM(K33:K51) -> 783898 | L52: =SUM(L33:L51) -> 62440 | M52: =SUM(M33:M51) -> 472643 | N52: =SUM(N33:N51) -> 239206 | O52: =SUM(O33:O51) -> 9609
D53: 3.1 | E53: Domestic financial sector capacity-building on business and financing models for minigrids | F53: 72100 | G53: Contractual Services - companies | H53: GEF | I53: =K53-J53 -> 15000 | J53: 0 | K53: =SUM(L53:O53) -> 15000 | L53: 5000 | M53: 5000 | N53: 5000 | O53: 0 | P53: 3 capacity-building consulting contracts@$5k
F54: 71600 | G54: Travel | H54: GEF | I54: =K54-J54 -> 9672 | J54: 0 | K54: =SUM(L54:O54) -> 9672 | L54: =4*281+1500+30*20 -> 3224 | M54: =4*281+1500+30*20 -> 3224 | N54: =4*281+1500+30*20 -> 3224 | O54: 0 | P54: This covers: - DSAs for the international consultant for 12 days @ $281/day - 3 return tickets @ $1,500/ticket - Local travel for participants to the 3 trainings: 30 participants per training @$20/participant/training;
F55: 75700 | G55: Training, workshop and conferences | H55: GEF | I55: =K55-J55 -> 7500 | J55: 0 | K55: =SUM(L55:O55) -> 7500 | L55: 2500 | M55: 2500 | N55: 2500 | O55: 0 | P55: 3 trainings@$2500 per, including venue, meals and per-diem
D56: 3.2 | E56: General market intelligence study on minigrids in regions complementary to WB and AfDB investments prepared and disseminated amongst public officials and finance community | F56: 72100 | G56: Contractual Services - companies | H56: GEF | I56: =K56-J56 -> 30000 | J56: 0 | K56: =SUM(L56:O56) -> 30000 | L56: 30000 | M56: 0 | N56: 0 | O56: 0 | P56: Contractual services for market assessment exercises.
F57: 74200 | G57: Audio Visual & Print Prod Costs | H57: GEF | I57: =K57-J57 -> 3000 | J57: 0 | K57: =SUM(L57:O57) -> 3000 | L57: 3000 | M57: 0 | N57: 0 | O57: 0 | P57: For dissemimnation of market intelligence
D58: 3.3 | E58: Support the development and implementation of innovative financial instruments for both supply and demand side (consumers and service providers) to facilitate investment in and viability of minigrids | F58: 72100 | G58: Contractual Services - companies | H58: GEF | I58: =K58 -> 30000 | J58: 0 | K58: =SUM(L58:O58) -> 30000 | L58: 0 | M58: 0 | N58: 30000 | O58: 0 | P58: Contractual services for identification of instruments; design of fund operational structure; fundraising for the financial instrument
F59: 72100 | G59: Contractual Services - companies | H59: UNDP | I59: =K59-J59 -> 0 | J59: 20000 | K59: =SUM(L59:O59) -> 20000 | L59: 0 | M59: 0 | N59: 20000 | O59: 0 | P59: Contractual services for identification of instruments; design of fund operational structure; fundraising for the financial instrument
D60: 3.4 | E60: Feasibility study support provided to minigrid developers, creating a pipeline of investible assets | F60: 72100 | G60: Contractual Services - companies | H60: GEF | I60: =K60 -> 40000 | J60: 0 | K60: =SUM(L60:O60) -> 40000 | L60: 20000 | M60: 20000 | N60: 0 | O60: 0 | P60: Contractual services for the feasibility study
F61: 74200 | G61: Audio Visual & Print Prod Costs | H61: GEF | I61: =K61-J61 -> 3000 | J61: 0 | K61: =SUM(L61:O61) -> 3000 | L61: 0 | M61: 3000 | N61: 0 | O61: 0 | P61: For dissemimnation of studies
F62: 75700 | G62: Training, workshop and conferences | H62: GEF | I62: =K62-J62 -> 5000 | J62: 0 | K62: =SUM(L62:O62) -> 5000 | L62: 2500 | M62: 2500 | N62: 0 | O62: 0 | P62: To cover venues, food, etc. for 2 trainings at @ $2,500/training
D63: 3.5 | E63: Capacity building provided to minigrid developers and investors on measuring and reporting on impact indicators, building credibility in impact investment as an asset class | F63: 72100 | G63: Contractual Services - companies | H63: GEF | I63: =K63-J63 -> 15000 | J63: 0 | K63: =SUM(L63:O63) -> 15000 | L63: 0 | M63: 0 | N63: 15000 | O63: 0 | P63: Contractual services for the development of the impact framework
F64: 72100 | G64: Contractual Services - companies | H64: UNDP | J64: =K64 -> 20000 | K64: =SUM(L64:O64) -> 20000 | L64: 0 | M64: 0 | N64: 0 | O64: 20000 | P64: Contractual services for the development of the impact framework
F65: 74200 | G65: Audio Visual & Print Prod Costs | H65: GEF | I65: =K65-J65 -> 3000 | J65: 0 | K65: =SUM(L65:O65) -> 3000 | L65: 0 | M65: 0 | N65: 0 | O65: 3000 | P65: For dissemimnation of studies
F66: 75700 | G66: Training, workshop and conferences | H66: GEF | I66: =K66-J66 -> 5000 | J66: 0 | K66: =SUM(L66:O66) -> 5000 | L66: 0 | M66: 0 | N66: 2500 | O66: 2500 | P66: To cover venues, food, etc. for 2 trainings at @ $2,500/training
A67: Sub-total Component 3 | G67: component 3 | I67: =SUM(I53:I66) -> 166172 | J67: =SUM(J53:J66) -> 40000 | K67: =SUM(K53:K66) -> 206172 | L67: =SUM(L53:L66) -> 66224 | M67: =SUM(M53:M66) -> 36224 | N67: =SUM(N53:N66) -> 78224 | O67: =SUM(O53:O66) -> 25500
C68: 4.Data and digitalization are mainstreamed, across stakeholders, into local minigrid market development. Increased knowledge, awareness and network opportunities in the minigrid market and among stakeholders, including benefitting from linkages to international good practice | D68: 4.1 | E68: A Digital Strategy is developed and implemented, including linkages to and following guidance from the AMP Regional Project | F68: 71200 | G68: International consultants | H68: GEF | I68: =K68-J68 -> 7000 | J68: 0 | K68: =SUM(L68:O68) -> 7000 | L68: =10*700 -> 7000 | M68: 0 | N68: 0 | O68: 0 | P68: Consultant recruited 10 days@$700 to develop digital strategy
F69: 71300 | G69: Local Consultants | H69: GEF | I69: =K69-J69 -> 3000 | J69: 0 | K69: =SUM(L69:O69) -> 3000 | L69: 3000 | M69: 0 | N69: 0 | O69: 0 | P69: Local consultant to support international expert
F70: 71600 | G70: Travel | H70: GEF | I70: =K70-J70 -> 3505 | J70: 0 | K70: =SUM(L70:O70) -> 3505 | L70: =5*281+1500+30*20 -> 3505 | M70: 0 | N70: 0 | O70: 0 | P70: This covers: - DSAs for the international consultant for 5 days @ $281/day - 1 return ticket @ $1,500/ticket - Local travel for participants to the training: 30 participants per training @$20/participant/training;
F71: 75700 | G71: Training, workshop and conferences | H71: UNDP | I71: =K71-J71 -> 0 | J71: =K71 -> 2500 | K71: =SUM(L71:O71) -> 2500 | L71: 2500 | M71: 0 | N71: 0 | O71: 0 | P71: Capacity-building on the digital strategy will be held back-to-back with the training on data strategy in first year of the project and also some trainings under 2.1 in regards to tenders and procurement, and use of the digital platform/tool. This is for optimizing budget and also ensuring linkages between these outputs
D72: 4.2 | E72: Minigrids Digital Platform implemented to run tenders and manage data from pilots, and to support minigrids scale-up and cost-reduction | F72: 72100 | G72: Contractual Services - companies | H72: GEF | I72: =K72-J72 -> 55000 | J72: 0 | K72: =SUM(L72:O72) -> 55000 | L72: 45000 | M72: 10000 | N72: 0 | O72: 0 | P72: Contractual services for the development of the digital platform, including training of local stakeholders
F73: 75700 | G73: Training, workshop and conferences | H73: GEF | I73: =K73-J73 -> 2500 | J73: 0 | K73: =SUM(L73:O73) -> 2500 | L73: 0 | M73: 2500 | N73: 0 | O73: 0 | P73: 2 Workshops on data strategy will be held at together with trainings on the digital strategy, as these two outputs go hand in hand.
D74: 4.3 | E74: A Quality Assurance and Monitoring Framework for measuring, reporting and verification of the sustainable development impacts of all minigrids pilots supported, including GHG emission reductions, is adopted and operationalized based on standardized guidance from the regional project | F74: 71200 | G74: International consultants | H74: GEF | I74: =K74-J74 -> 7000 | J74: 0 | K74: =SUM(L74:O74) -> 7000 | L74: 7000 | M74: 0 | N74: 0 | O74: 0 | P74: Consultant recruited 10 days@$700 to develop QAMF
F75: 71300 | G75: Local Consultants | H75: UNDP | I75: =K75-J75 -> 0 | J75: =K75 -> 3000 | K75: =SUM(L75:O75) -> 3000 | L75: 3000 | M75: 0 | N75: 0 | O75: 0 | P75: Local consultant to support international expert
F76: 71600 | G76: Travel | H76: GEF | I76: =K76-J76 -> 3505 | J76: 0 | K76: =SUM(L76:O76) -> 3505 | L76: =5*281+1500+30*20 -> 3505 | M76: 0 | N76: 0 | O76: 0 | P76: This covers: - DSAs for the international consultant for 5 days @ $281/day - 1 return ticket @ $1,500/ticket - Local travel for participants to the training: 30 participants per training @$20/participant/training;
F77: 75700 | G77: Training, workshop and conferences | H77: UNDP | I77: =K77-J77 -> 0 | J77: =K77 -> 2500 | K77: =SUM(L77:O77) -> 2500 | L77: 2500 | M77: 0 | N77: 0 | O77: 0 | P77: Cost to be applied towards training on using the QAF in coordination of output 2.1 for pilot projects. Training should be strealined with those in component 2, especially around pilot projects.
D78: 4.4 | E78: M&E and Reporting, including (i) Conducting inception workshop and preparing report, (ii) Ongoing M&E, (iii) Mid Term Evaluation and (iv) Terminal Evaluation | F78: 71200 | G78: International consultants | H78: UNDP | I78: 0 | J78: 70000 | K78: =SUM(L78:O78) -> 70000 | L78: 0 | M78: 35000 | N78: 0 | O78: 35000 | P78: 2x35K for lead consultant for MTR and TE
F79: 71300 | G79: Local Consultants | H79: GEF | I79: =K79-J79 -> 30000 | J79: 0 | K79: =SUM(L79:O79) -> 30000 | L79: 0 | M79: 15000 | N79: 0 | O79: 15000 | P79: 2x15K for national consultant for MTR and TE
F80: 71600 | G80: Travel | H80: UNDP | I80: 0 | J80: =K80 -> 20000 | K80: =SUM(L80:O80) -> 20000 | L80: 5000 | M80: 5000 | N80: 5000 | O80: 5000 | P80: This covers: - Local travel for M&E @ $5,000/year
F81: 75700 | G81: Training, workshop and conferences | H81: GEF | I81: =K81 -> 4000 | J81: 0 | K81: =SUM(L81:O81) -> 4000 | L81: 4000 | M81: 0 | N81: 0 | O81: 0 | P81: Inception workshop $4,000
F82: 72300 | G82: Materials & Goods | H82: UNDP | I82: =K82-J82 -> 0 | J82: 55000 | K82: =SUM(L82:O82) -> 55000 | L82: 55000 | M82: 0 | N82: 0 | O82: 0 | P82: Vehicle at $52K + 2 motorcycles at $1500 for project coordination/monitoring
F83: 74200 | G83: Audio Visual & Print Prod Costs | H83: UNDP | I83: =K83-J83 -> 0 | J83: 10000 | K83: =SUM(L83:O83) -> 10000 | L83: 0 | M83: 5000 | N83: 0 | O83: 5000 | P83: Translation for MTR, TE and other documents/reports from M&E and coordination
D84: 4.5 | E84: Engage with regional project, including, but not limited to, via (i) participating in Communities of Practice and (ii) capturing and sharing lessons learnt | F84: 71600 | G84: Travel | H84: GEF | I84: =K84-J84 -> 15744 | K84: =SUM(L84:O84) -> 15744 | L84: 0 | M84: =6*4*281+6*1500 -> 15744 | N84: 0 | O84: 0 | P84: This covers: - DSAs for 6 participants for 4 days @ $281/day - 6 return ticket @ $1,500/ticket
F85: 72100 | G85: Contractual Services - companies | H85: GEF | I85: =K85-J85 -> 10000 | K85: =SUM(L85:O85) -> 10000 | L85: 0 | M85: 5000 | N85: 0 | O85: 5000 | P85: Hiring in year 2-4 of a consultant or local firm to gather data and audio-visual content (video footage, photos, etc.) on the national project subject of choice for the ‘insight brief
F86: 74200 | G86: Audio Visual & Print Prod Costs | H86: GEF | I86: =K86-J86 -> 5000 | K86: =SUM(L86:O86) -> 5000 | L86: 0 | M86: 2500 | N86: 0 | O86: 2500 | P86: This be used to cover costs such as translation services of the insight brief into English or other languages (if applicable/needed, visa fees, etc.
D87: 4.6 | E87: Knowledge networks / Communities of Practice / industry associations strengthened to promote minigrids development | F87: 71300 | G87: Local Consultants | H87: UNDP | I87: =K87-J87 -> 0 | J87: 3000 | K87: =SUM(L87:O87) -> 3000 | L87: 1500 | M87: 1500 | N87: 0 | O87: 0
F88: 71600 | G88: Travel | H88: GEF | I88: =K88-J88 -> 1200 | K88: =SUM(L88:O88) -> 1200 | L88: =30*20 -> 600 | M88: =30*20 -> 600 | N88: 0 | O88: 0 | P88: This covers: - Local travel for participants to the training: 30 participants per training @$20/participant/training;
F89: 72100 | G89: Contractual Services - companies | H89: GEF | I89: =K89-J89 -> 7000 | K89: =SUM(L89:O89) -> 7000 | L89: 3500 | M89: 3500 | N89: 0 | O89: 0 | P89: Consultant /firm recruited to support establishment and development of of CoP in Burkina Faso
F90: 75700 | G90: Training, workshop and conferences | H90: GEF | I90: =K90-J90 -> 5000 | K90: =SUM(L90:O90) -> 5000 | L90: 2500 | M90: 2500 | N90: 0 | O90: 0 | P90: Provision for various events/trainings, etc.
D91: 4.7 | E91: Lessons learned captured and disseminated at all levels | F91: 72100 | G91: Contractual Services - companies | H91: GEF | I91: =K91-J91 -> 5000 | K91: =SUM(L91:O91) -> 5000 | L91: 0 | M91: 0 | N91: 0 | O91: 5000 | P91: A firm is recruited to capture and support dissemination of lessons learned
F92: 74200 | G92: Audio Visual & Print Prod Costs | H92: GEF | I92: =K92-J92 -> 3000 | K92: =SUM(L92:O92) -> 3000 | L92: 0 | M92: 0 | N92: 0 | O92: 3000 | P92: Videos and briefs are produced and diisseminated
D93: 4.8 | E93: Replication plan (including investment plan) for scaling up rural energy access developed | F93: 71200 | G93: International consultants | H93: GEF | I93: =K93-J93 -> 7000 | K93: =SUM(L93:O93) -> 7000 | L93: 0 | M93: 0 | N93: 0 | O93: 7000 | P93: 1 consultant recruited for 10 days to draft a replication and scaled-up plan
F94: 71300 | G94: Local Consultants | H94: GEF | I94: =K94-J94 -> 3000 | K94: =SUM(L94:O94) -> 3000 | L94: 0 | M94: 0 | N94: 0 | O94: 3000 | P94: 10 days field work/data collection, etc. for national consultant
F95: 71600 | G95: Travel | H95: GEF | I95: =K95-J95 -> 1500 | K95: =SUM(L95:O95) -> 1500 | L95: 0 | M95: 0 | N95: 0 | O95: 1500 | P95: Local trravel for data collection during field visits
A96: Sub-total Component 4 | G96: component 4 | I96: =SUM(I68:I95) -> 178954 | J96: =SUM(J68:J95) -> 166000 | K96: =SUM(K68:K95) -> 344954 | L96: =SUM(L68:L95) -> 149110 | M96: =SUM(M68:M95) -> 103844 | N96: =SUM(N68:N95) -> 5000 | O96: =SUM(O68:O95) -> 87000
D97: SUBTOTAL | I97: =I32+I52+I67+I96 -> 840895 | J97: =J32+J52+J67+J96 -> 690870 | K97: =K32+K52+K67+K96 -> 1531765 | L97: =L32+L52+L67+L96 -> 377085 | M97: =M32+M52+M67+M96 -> 677636 | N97: =N32+N52+N67+N96 -> 337935 | O97: =O32+O52+O67+O96 -> 139109
F98: 71300 | G98: Local Consultants | H98: GEF | I98: =K98-J98 -> 66384 | J98: 0 | K98: =SUM(L98:O98) -> 66384 | L98: =12*1383 -> 16596 | M98: =12*1383 -> 16596 | N98: =12*1383 -> 16596 | O98: =12*1383 -> 16596 | P98: PMU: Admin & Finance Expert @$1383 for 48 months
F99: 71300 | G99: Local Consultants | H99: UNDP | I99: 0 | J99: =K99 -> 98304 | K99: =SUM(L99:O99) -> 98304 | L99: =(12*1710)+(12*338) -> 24576 | M99: =(12*1710)+(12*338) -> 24576 | N99: =(12*1710)+(12*338) -> 24576 | O99: =(12*1710)+(12*338) -> 24576 | P99: PMU: FT Project Manager @ $1710 for 48 months; driver @ $338 for 48 months
F100: 74500 | G100: Miscellaneous expenses | H100: GEF | I100: =K100 -> 1287 | J100: =K100-I100 -> 0 | K100: =SUM(L100:O100) -> 1287 | L100: 1113 | M100: 174 | N100: 0 | O100: 0
...

Sheet Budget_UNDP
A1: Atlas Activity (GEF Component) | B1: Atlas Implementing Agent (Responsible Party , IP or UNDP) | D1: Atlas Fund ID | F1: Donor Name | H1: Atlas Budgetary Account Code | I1: ATLAS Budget Account Description | M1: Amount Year 1 (USD) | N1: Amount Year 2 (USD) | O1: Amount Year 3 (USD) | P1: Amount Year 4 (USD) | Q1: Total (USD) | R1: See Budget Note:
A3: COMPONENT 1: Policy and Regulation | B3: ABER and ECREEE and DGER (RPs) | D3: 62000 | F3: GEF | H3: 71200 | I3: International Consultants | M3: =SUMIFS(Breakdown!L$3:'Breakdown'!L$31, Breakdown!$F$3:'Breakdown'!$F$31, $H3, Breakdown!$H$3:'Breakdown'!$H$31, $F$3) -> 15400 | N3: =SUMIFS(Breakdown!M$3:'Breakdown'!M$31, Breakdown!$F$3:'Breakdown'!$F$31, $H3, Breakdown!$H$3:'Breakdown'!$H$31, $F$3) -> 14000 | O3: =SUMIFS(Breakdown!N$3:'Breakdown'!N$31, Breakdown!$F$3:'Breakdown'!$F$31, $H3, Breakdown!$H$3:'Breakdown'!$H$31, $F$3) -> 0 | P3: =SUMIFS(Breakdown!O$3:'Breakdown'!O$31, Breakdown!$F$3:'Breakdown'!$F$31, $H3, Breakdown!$H$3:'Breakdown'!$H$31, $F$3) -> 7000 | Q3: =SUM(M3:P3) -> 36400 | R3: 1 | S3: Includes: - For Output 1.2: This covers contracting of 1 senior international consultant for 12 days (@ $700/day) with expertise in minigrid delivery models in Y1. - For Output 1.4: An international expert on quality standards for minigrids will be recruited for 20 days (@ $700/day), including 5 days in Y1 and 15 days in Y2 to support development of quality standards and institutional capacity-building. - For Output 1.5: An international expert will be recruited for 10 days (@ $700/day), including 5 days in Y1 and 5 days in Y2 to support the operatinalization of the certification scheme. - For Output 1.6: An international consultant @$700/day will be recruited for 10 days in Y4 to conduct the lightweight DREI analysis.
H4: 71300 | I4: Local Consultants | M4: =SUMIFS(Breakdown!L$3:'Breakdown'!L$31, Breakdown!$F$3:'Breakdown'!$F$31, $H4, Breakdown!$H$3:'Breakdown'!$H$31, $F$3) -> 12900 | N4: =SUMIFS(Breakdown!M$3:'Breakdown'!M$31, Breakdown!$F$3:'Breakdown'!$F$31, $H4, Breakdown!$H$3:'Breakdown'!$H$31, $F$3) -> 9900 | O4: =SUMIFS(Breakdown!N$3:'Breakdown'!N$31, Breakdown!$F$3:'Breakdown'!$F$31, $H4, Breakdown!$H$3:'Breakdown'!$H$31, $F$3) -> 2700 | P4: =SUMIFS(Breakdown!O$3:'Breakdown'!O$31, Breakdown!$F$3:'Breakdown'!$F$31, $H4, Breakdown!$H$3:'Breakdown'!$H$31, $F$3) -> 4500 | Q4: =SUM(M4:P4) -> 30000 | R4: 2 | S4: Includes: - For Output 1.1: $300 per meeting x 20 meetings of the multi-stakeholder platform over 4 years. - For Output 1.2: A local technical expert will be contracted for 20 days to support the international consultant in drafting a minigrid delivery strategy (@$300/day) in Y1. - For Output 1.3: A local consultant will be recruited for 20 days (8 days in Y1, 8 days in Y2, 4 days in Y3) to support the international expert in providing capacity-building trainings (@$300/day). - For Output 1.4: A national consultant will be recruited to suppport the international expert. This is planned to cover 20 days level of effort (@ $300/day), including 5 days in Y1 and 15 days in Y2. - For Output 1.5: A local consultant will be recruited for 10 days (@ $300/day), including 5 days in Y1 and 5 days in Y2 to support the international consultant. - For Output 1.6: A national consultant @ $300/day will be recruited for 10 days in Y4 to support the lightweight DREI analysis.
H5: 71600 | I5: Travel | M5: =SUMIFS(Breakdown!L$3:'Breakdown'!L$31, Breakdown!$F$3:'Breakdown'!$F$31, $H5, Breakdown!$H$3:'Breakdown'!$H$31, $F$3) -> 22611 | N5: =SUMIFS(Breakdown!M$3:'Breakdown'!M$31, Breakdown!$F$3:'Breakdown'!$F$31, $H5, Breakdown!$H$3:'Breakdown'!$H$31, $F$3) -> 16925 | O5: =SUMIFS(Breakdown!N$3:'Breakdown'!N$31, Breakdown!$F$3:'Breakdown'!$F$31, $H5, Breakdown!$H$3:'Breakdown'!$H$31, $F$3) -> 4505 | P5: =SUMIFS(Breakdown!O$3:'Breakdown'!O$31, Breakdown!$F$3:'Breakdown'!$F$31, $H5, Breakdown!$H$3:'Breakdown'!$H$31, $F$3) -> 1000 | Q5: =SUM(M5:P5) -> 45041 | R5: 3 | S5: Includes: - For Output 1.1: DSA for local travel for each meeting (@$200/meeting for 20 meetings, 5 in each year); DSA for 2 people for 5 days @$281/day from the Senegalese platform in 2 trips (3 days + 2 days in Y1); 2 return tickets (Dakar - Ouagadougou) for 2 people from the Senegalese Platform (@$800/flight) in Y1. - For Output 1.2: This covers (all in Y1): 4 days DSA for international consultant ($281*4); 1 international return ticket for international consultant (@$1,500 per return ticket). The international consultant will attend the inception workshop virtually and the dissemination workshop on site. Local travel for local consultant and stakeholders ($20*70). - For Output 1.3: This covers DSA for the international consultant for the 3 trainings (9 days in Y1, 9 days in Y2, 5 days in Y3) @ $281/day; Local travel for participants to the 3 trainings: 30 participants per training @$20/participant/training; 3 return tickets for the international consultant @ $1,500/ticket (1 in each of Y1, Y2, Y3). - For Output 1.4: This covers DSA for the international consultant for the 3 trainings (4 days in Y1 and 12 days in Y2) @$281/day; Local travel for participants to the 3 trainings: 30 participants per training @$20/participant/training, with 1 training in Y1 and 2 trainings in Y2; 3 return tickets for the international consultant @ $1,500/ticket (1 in Y1 and 2 in Y2). - For Output 1.5: This covers DSA for the international consultant for 2 trainings (4 days in Y1 and 4 days in Y2) @$281/day; Local travel for participants to the 2 trainings: 30 participants per training @$20/participant/training, with 1 training in Y1 and 1 training in Y2; 2 return tickets for the international consultant @ $2,000/ticket (1 in Y1 and 1 in Y2).
H6: 72300 | I6: Materials & Goods | M6: =SUMIFS(Breakdown!L$3:'Breakdown'!L$31, Breakdown!$F$3:'Breakdown'!$F$31, $H6, Breakdown!$H$3:'Breakdown'!$H$31, $F$3) -> 6000 | N6: =SUMIFS(Breakdown!M$3:'Breakdown'!M$31, Breakdown!$F$3:'Breakdown'!$F$31, $H6, Breakdown!$H$3:'Breakdown'!$H$31, $F$3) -> 1000 | O6: =SUMIFS(Breakdown!N$3:'Breakdown'!N$31, Breakdown!$F$3:'Breakdown'!$F$31, $H6, Breakdown!$H$3:'Breakdown'!$H$31, $F$3) -> 1000 | P6: =SUMIFS(Breakdown!O$3:'Breakdown'!O$31, Breakdown!$F$3:'Breakdown'!$F$31, $H6, Breakdown!$H$3:'Breakdown'!$H$31, $F$3) -> 0 | Q6: =SUM(M6:P6) -> 8000 | R6: 4 | S6: Includes: - For Output 1.3: For procurement of tools necessary for increasing capacity of target stakeholders (@ $1,000 per year in Y1, Y2, Y3). - For Output 1.4: Covers equipement and material for the testing laboratory (bought in Y1), for $5,000 in total.
H7: 72500 | I7: Supplies | M7: =SUMIFS(Breakdown!L$3:'Breakdown'!L$31, Breakdown!$F$3:'Breakdown'!$F$31, $H7, Breakdown!$H$3:'Breakdown'!$H$31, $F$3) -> 1000 | N7: =SUMIFS(Breakdown!M$3:'Breakdown'!M$31, Breakdown!$F$3:'Breakdown'!$F$31, $H7, Breakdown!$H$3:'Breakdown'!$H$31, $F$3) -> 1000 | O7: =SUMIFS(Breakdown!N$3:'Breakdown'!N$31, Breakdown!$F$3:'Breakdown'!$F$31, $H7, Breakdown!$H$3:'Breakdown'!$H$31, $F$3) -> 1000 | P7: =SUMIFS(Breakdown!O$3:'Breakdown'!O$31, Breakdown!$F$3:'Breakdown'!$F$31, $H7, Breakdown!$H$3:'Breakdown'!$H$31, $F$3) -> 0 | Q7: =SUM(M7:P7) -> 3000 | R7: 5 | S7: Includes: - For Output 1.3: Supplies related to trainings and building technical capacities of target institutional actors (@ $1,000 per year in Y1, Y2, Y3).
H8: 74200 | I8: Audio Visual & Print Prod Costs | M8: =SUMIFS(Breakdown!L$3:'Breakdown'!L$31, Breakdown!$F$3:'Breakdown'!$F$31, $H8, Breakdown!$H$3:'Breakdown'!$H$31, $F$3) -> 0 | N8: =SUMIFS(Breakdown!M$3:'Breakdown'!M$31, Breakdown!$F$3:'Breakdown'!$F$31, $H8, Breakdown!$H$3:'Breakdown'!$H$31, $F$3) -> 1000 | O8: =SUMIFS(Breakdown!N$3:'Breakdown'!N$31, Breakdown!$F$3:'Breakdown'!$F$31, $H8, Breakdown!$H$3:'Breakdown'!$H$31, $F$3) -> 0 | P8: =SUMIFS(Breakdown!O$3:'Breakdown'!O$31, Breakdown!$F$3:'Breakdown'!$F$31, $H8, Breakdown!$H$3:'Breakdown'!$H$31, $F$3) -> 3000 | Q8: =SUM(M8:P8) -> 4000 | R8: 6 | S8: Includes: - For Output 1.4: Communication costs at $1,000 in Y2. - For Output 1.6: Communication and translation costs for $3,000 in Y4.
H9: 75700 | I9: Training, workshop, conferences | M9: =SUMIFS(Breakdown!L$3:'Breakdown'!L$31, Breakdown!$F$3:'Breakdown'!$F$31, $H9, Breakdown!$H$3:'Breakdown'!$H$31, $F$3) -> 14000 | N9: =SUMIFS(Breakdown!M$3:'Breakdown'!M$31, Breakdown!$F$3:'Breakdown'!$F$31, $H9, Breakdown!$H$3:'Breakdown'!$H$31, $F$3) -> 11500 | O9: =SUMIFS(Breakdown!N$3:'Breakdown'!N$31, Breakdown!$F$3:'Breakdown'!$F$31, $H9, Breakdown!$H$3:'Breakdown'!$H$31, $F$3) -> 3500 | P9: =SUMIFS(Breakdown!O$3:'Breakdown'!O$31, Breakdown!$F$3:'Breakdown'!$F$31, $H9, Breakdown!$H$3:'Breakdown'!$H$31, $F$3) -> 1500 | Q9: =SUM(M9:P9) -> 30500 | R9: 7 | S9: Includes: - For Output 1.1: This will cover venues and related cost for for capacity- building trainings of multi-stakeholders' platform on various themes such as e-waste, tax-exemption, fundraising, delivery models, innovative minigrid technologies, etc. This line item will also cover participation of members of the Platform in workshops, when necessary (@$1,500/year). - For Output 1.2: This covers venue and related costs for 2 workshops (inception and dissemination) in Y1 during the minigrid strategy development (@$2,500 per workshop). - For Output 1.3: To cover venue and related cost for the 3 trainings @ $2,500 per training in Y1 and Y2, and $2,000 in Y3. - For Output 1.4: This covers 3 trainings @2,500/training, including 1 training and Y1 and 2 trainings in Y2. - For Output 1.5: This covers 2 trainings @2,500/training, including 1 training and Y1 and 1 training in Y2.
H10: 72800 | I10: IT Equipment | M10: =SUMIFS(Breakdown!L$3:'Breakdown'!L$31, Breakdown!$F$3:'Breakdown'!$F$31, $H10, Breakdown!$H$3:'Breakdown'!$H$31, $F$3) -> 8000 | N10: =SUMIFS(Breakdown!M$3:'Breakdown'!M$31, Breakdown!$F$3:'Breakdown'!$F$31, $H10, Breakdown!$H$3:'Breakdown'!$H$31, $F$3) -> 0 | O10: =SUMIFS(Breakdown!N$3:'Breakdown'!N$31, Breakdown!$F$3:'Breakdown'!$F$31, $H10, Breakdown!$H$3:'Breakdown'!$H$31, $F$3) -> 0 | P10: =SUMIFS(Breakdown!O$3:'Breakdown'!O$31, Breakdown!$F$3:'Breakdown'!$F$31, $H10, Breakdown!$H$3:'Breakdown'!$H$31, $F$3) -> 0 | Q10: =SUM(M10:P10) -> 8000 | R10: 8 | S10: Includes: - For Output 1.4: This covers 3 computers and other IT equipment for the testing laboratory (bought in Y1), for a total of $8,000.
I11: sub-total GEF | M11: =SUM(M3:M10) -> 79911 | N11: =SUM(N3:N10) -> 55325 | O11: =SUM(O3:O10) -> 12705 | P11: =SUM(P3:P10) -> 17000 | Q11: =SUM(M11:P11) -> 164941
D12: 4000 | F12: UNDP | H12: 71200 | I12: International consultants | M12: =SUMIFS(Breakdown!L$3:'Breakdown'!L$31, Breakdown!$F$3:'Breakdown'!$F$31, $H12, Breakdown!$H$3:'Breakdown'!$H$31, $F$12) -> 15400 | N12: =SUMIFS(Breakdown!M$3:'Breakdown'!M$31, Breakdown!$F$3:'Breakdown'!$F$31, $H12, Breakdown!$H$3:'Breakdown'!$H$31, $F$12) -> 5600 | O12: =SUMIFS(Breakdown!N$3:'Breakdown'!N$31, Breakdown!$F$3:'Breakdown'!$F$31, $H12, Breakdown!$H$3:'Breakdown'!$H$31, $F$12) -> 2800 | P12: =SUMIFS(Breakdown!O$3:'Breakdown'!O$31, Breakdown!$F$3:'Breakdown'!$F$31, $H12, Breakdown!$H$3:'Breakdown'!$H$31, $F$12) -> 0 | Q12: =SUM(M12:P12) -> 23800 | R12: 9 | S12: Includes: - For Output 1.1: 2 consultants paid @ $700 / day for 7 days each to support the national multi-stakeholder platform. - For Output 1.3: International consultant will be recruited for 20 days (8 days in Y1, 8 days in Y2, 4 days in Y3), so 3 trainings in total, to provide capacity-building trainings to targeted public sector stakeholders involved in minigrid promotion such as regulator, agencies, etc. (@ $700/day).
H13: 72300 | I13: Materials & Goods | M13: =SUMIFS(Breakdown!L$3:'Breakdown'!L$31, Breakdown!$F$3:'Breakdown'!$F$31, $H13, Breakdown!$H$3:'Breakdown'!$H$31, $F$12) -> 4000 | N13: =SUMIFS(Breakdown!M$3:'Breakdown'!M$31, Breakdown!$F$3:'Breakdown'!$F$31, $H13, Breakdown!$H$3:'Breakdown'!$H$31, $F$12) -> 4000 | O13: =SUMIFS(Breakdown!N$3:'Breakdown'!N$31, Breakdown!$F$3:'Breakdown'!$F$31, $H13, Breakdown!$H$3:'Breakdown'!$H$31, $F$12) -> 0 | P13: =SUMIFS(Breakdown!O$3:'Breakdown'!O$31, Breakdown!$F$3:'Breakdown'!$F$31, $H13, Breakdown!$H$3:'Breakdown'!$H$31, $F$12) -> 0 | Q13: =SUM(M13:P13) -> 8000 | R13: 10 | S13: Includes: - For Output 1.5: Covers equipement and material for the trainings, $4,000 in Y1 and $4,000 in Y2.
I14: sub-total UNDP | M14: =SUM(M12:M13) -> 19400 | N14: =SUM(N12:N13) -> 9600 | O14: =SUM(O12:O13) -> 2800 | P14: =SUM(P12:P13) -> 0 | Q14: =SUM(M14:P14) -> 31800
I15: Total Outcome 1 | M15: =M11+M14 -> 99311 | N15: =N11+N14 -> 64925 | O15: =O11+O14 -> 15505 | P15: =P11+P14 -> 17000 | Q15: =SUM(M15:P15) -> 196741
A16: COMPONENT 2: Project and Business Model Innovation with Private Sector Engagement | B16: ABER | D16: 62000 | F16: GEF | H16: 71200 | I16: International Consultants | M16: =SUMIFS(Breakdown!L$33:'Breakdown'!L$51, Breakdown!$F$33:'Breakdown'!$F$51, $H16, Breakdown!$H$33:'Breakdown'!$H$51, $F$16) -> 19020 | N16: =SUMIFS(Breakdown!M$33:'Breakdown'!M$51, Breakdown!$F$33:'Breakdown'!$F$51, $H16, Breakdown!$H$33:'Breakdown'!$H$51, $F$16) -> 0 | O16: =SUMIFS(Breakdown!N$33:'Breakdown'!N$51, Breakdown!$F$33:'Breakdown'!$F$51, $H16, Breakdown!$H$33:'Breakdown'!$H$51, $F$16) -> 0 | P16: =SUMIFS(Breakdown!O$33:'Breakdown'!O$51, Breakdown!$F$33:'Breakdown'!$F$51, $H16, Breakdown!$H$33:'Breakdown'!$H$51, $F$16) -> 0 | Q16: =SUM(M16:P16) -> 19020 | R16: 11 | S16: Includes: - For Output 2.1: This include: $12K for a legal consultant to support the tender and contracting process for the pilot projects in Y1; $7,020 for a safeguards consultant in Y1.
H17: 71300 | I17: Local Consultants | M17: =SUMIFS(Breakdown!L$33:'Breakdown'!L$51, Breakdown!$F$33:'Breakdown'!$F$51, $H17, Breakdown!$H$33:'Breakdown'!$H$51, $F$16) -> 6600 | N17: =SUMIFS(Breakdown!M$33:'Breakdown'!M$51, Breakdown!$F$33:'Breakdown'!$F$51, $H17, Breakdown!$H$33:'Breakdown'!$H$51, $F$16) -> 6600 | O17: =SUMIFS(Breakdown!N$33:'Breakdown'!N$51, Breakdown!$F$33:'Breakdown'!$F$51, $H17, Breakdown!$H$33:'Breakdown'!$H$51, $F$16) -> 0 | P17: =SUMIFS(Breakdown!O$33:'Breakdown'!O$51, Breakdown!$F$33:'Breakdown'!$F$51, $H17, Breakdown!$H$33:'Breakdown'!$H$51, $F$16) -> 0 | Q17: =SUM(M17:P17) -> 13200 | R17: 12 | S17: Includes: - For Output 2.2: Local expert to support elaboration and capacity-buidling in collaboration with an international expert: 10 days in Y1 and 10 days in Y2 @ $300/day.. - For Output 2.3: Part-time HR to provide admin services to the Association and also adhoc consulting needs (12 days @ $300/day for Y1 and Y2 each).
H18: 71600 | I18: Travel | M18: =SUMIFS(Breakdown!L$33:'Breakdown'!L$51, Breakdown!$F$33:'Breakdown'!$F$51, $H18, Breakdown!$H$33:'Breakdown'!$H$51, $F$16) -> 4005 | N18: =SUMIFS(Breakdown!M$33:'Breakdown'!M$51, Breakdown!$F$33:'Breakdown'!$F$51, $H18, Breakdown!$H$33:'Breakdown'!$H$51, $F$16) -> 16125 | O18: =SUMIFS(Breakdown!N$33:'Breakdown'!N$51, Breakdown!$F$33:'Breakdown'!$F$51, $H18, Breakdown!$H$33:'Breakdown'!$H$51, $F$16) -> 0 | P18: =SUMIFS(Breakdown!O$33:'Breakdown'!O$51, Breakdown!$F$33:'Breakdown'!$F$51, $H18, Breakdown!$H$33:'Breakdown'!$H$51, $F$16) -> 0 | Q18: =SUM(M18:P18) -> 20130 | R18: 13 | S18: Includes: - For Output 2.2: This covers DSA for the international consultant for the 2 trainings (5 days in Y1, 5 days in Y2) @ $281/day; Local travel for participants to the 2 trainings: 30 participants per training @$20/participant/training; 2 return tickets for the international consultant @ $2,000/ticket (1 in each of Y1, Y2). - For Output 2.3: This covers DSAs for 4 people for 5 days @ $281/day; 4 return tickets: 1 for the international consultant @ $2,000/ticket, and 3 for the members of the association @ $1,500/ticket.
H19: 72100 | I19: Contractual services - Companies | M19: =SUMIFS(Breakdown!L$33:'Breakdown'!L$51, Breakdown!$F$33:'Breakdown'!$F$51, $H19, Breakdown!$H$33:'Breakdown'!$H$51, $F$16) -> 0 | N19: =SUMIFS(Breakdown!M$33:'Breakdown'!M$51, Breakdown!$F$33:'Breakdown'!$F$51, $H19, Breakdown!$H$33:'Breakdown'!$H$51, $F$16) -> 6506 | O19: =SUMIFS(Breakdown!N$33:'Breakdown'!N$51, Breakdown!$F$33:'Breakdown'!$F$51, $H19, Breakdown!$H$33:'Breakdown'!$H$51, $F$16) -> 3297 | P19: =SUMIFS(Breakdown!O$33:'Breakdown'!O$51, Breakdown!$F$33:'Breakdown'!$F$51, $H19, Breakdown!$H$33:'Breakdown'!$H$51, $F$16) -> 3297 | Q19: =SUM(M19:P19) -> 13100 | R19: 14 | S19: Includes: - For Output 2.1: Sub-contract to international firm/manufacturer to provide O&M @ $6,506 for Y2 then $3,297/year for Y3, Y4.
H20: 72300 | I20: Materials & Goods | M20: =SUMIFS(Breakdown!L$33:'Breakdown'!L$51, Breakdown!$F$33:'Breakdown'!$F$51, $H20, Breakdown!$H$33:'Breakdown'!$H$51, $F$16) -> 0 | N20: =SUMIFS(Breakdown!M$33:'Breakdown'!M$51, Breakdown!$F$33:'Breakdown'!$F$51, $H20, Breakdown!$H$33:'Breakdown'!$H$51, $F$16) -> 236378 | O20: =SUMIFS(Breakdown!N$33:'Breakdown'!N$51, Breakdown!$F$33:'Breakdown'!$F$51, $H20, Breakdown!$H$33:'Breakdown'!$H$51, $F$16) -> 0 | P20: =SUMIFS(Breakdown!O$33:'Breakdown'!O$51, Breakdown!$F$33:'Breakdown'!$F$51, $H20, Breakdown!$H$33:'Breakdown'!$H$51, $F$16) -> 0 | Q20: =SUM(M20:P20) -> 236378 | R20: 15 | S20: Includes: - For Output 2.1: Procurement of minigrid and related goods and services for the two pilot projects.
H21: 72800 | I21: IT Equipment | M21: =SUMIFS(Breakdown!L$33:'Breakdown'!L$51, Breakdown!$F$33:'Breakdown'!$F$51, $H21, Breakdown!$H$33:'Breakdown'!$H$51, $F$16) -> 2500 | N21: =SUMIFS(Breakdown!M$33:'Breakdown'!M$51, Breakdown!$F$33:'Breakdown'!$F$51, $H21, Breakdown!$H$33:'Breakdown'!$H$51, $F$16) -> 0 | O21: =SUMIFS(Breakdown!N$33:'Breakdown'!N$51, Breakdown!$F$33:'Breakdown'!$F$51, $H21, Breakdown!$H$33:'Breakdown'!$H$51, $F$16) -> 0 | P21: =SUMIFS(Breakdown!O$33:'Breakdown'!O$51, Breakdown!$F$33:'Breakdown'!$F$51, $H21, Breakdown!$H$33:'Breakdown'!$H$51, $F$16) -> 0 | Q21: =SUM(M21:P21) -> 2500 | R21: 16 | S21: Includes: - For Output 2.3: 2 computers, 1 printers, etc. for the office @ $2,500 in Y1.
H22: 74200 | I22: Audio Visual & Print Prod Costs | M22: =SUMIFS(Breakdown!L$33:'Breakdown'!L$51, Breakdown!$F$33:'Breakdown'!$F$51, $H22, Breakdown!$H$33:'Breakdown'!$H$51, $F$16) -> 1500 | N22: =SUMIFS(Breakdown!M$33:'Breakdown'!M$51, Breakdown!$F$33:'Breakdown'!$F$51, $H22, Breakdown!$H$33:'Breakdown'!$H$51, $F$16) -> 0 | O22: =SUMIFS(Breakdown!N$33:'Breakdown'!N$51, Breakdown!$F$33:'Breakdown'!$F$51, $H22, Breakdown!$H$33:'Breakdown'!$H$51, $F$16) -> 0 | P22: =SUMIFS(Breakdown!O$33:'Breakdown'!O$51, Breakdown!$F$33:'Breakdown'!$F$51, $H22, Breakdown!$H$33:'Breakdown'!$H$51, $F$16) -> 0 | Q22: =SUM(M22:P22) -> 1500 | R22: 17 | S22: Includes: - For Output 2.3: This will cover printing of brochures, business cards and etc. @ $1,500 in Y1.
H23: 75700 | I23: Training, workshop, conferences | M23: =SUMIFS(Breakdown!L$33:'Breakdown'!L$51, Breakdown!$F$33:'Breakdown'!$F$51, $H23, Breakdown!$H$33:'Breakdown'!$H$51, $F$16) -> 7500 | N23: =SUMIFS(Breakdown!M$33:'Breakdown'!M$51, Breakdown!$F$33:'Breakdown'!$F$51, $H23, Breakdown!$H$33:'Breakdown'!$H$51, $F$16) -> 10000 | O23: =SUMIFS(Breakdown!N$33:'Breakdown'!N$51, Breakdown!$F$33:'Breakdown'!$F$51, $H23, Breakdown!$H$33:'Breakdown'!$H$51, $F$16) -> 7500 | P23: =SUMIFS(Breakdown!O$33:'Breakdown'!O$51, Breakdown!$F$33:'Breakdown'!$F$51, $H23, Breakdown!$H$33:'Breakdown'!$H$51, $F$16) -> 0 | Q23: =SUM(M23:P23) -> 25000 | R23: 18 | S23: Includes: - For Output 2.1: Training in innovative business models, entrepreneurship, installations, financial literacy for women. Also, issues of IPP and climate change will be covered under these trainings. - For Output 2.2: This covers 2 trainings @2,500/training, including 1 training and Y1 and 1 training in Y2. - For Output 2.3: This covers venue, breaks, etc. fees paid to attend conferences, etc. as well as possible registration fees to attend workshops @ $2,500 in Y1 and $2,500 in Y2.
I24: sub-total GEF | M24: =SUM(M16:M23) -> 41125 | N24: =SUM(N16:N23) -> 275609 | O24: =SUM(O16:O23) -> 10797 | P24: =SUM(P16:P23) -> 3297 | Q24: =SUM(M24:P24) -> 330828
D25: 4000 | F25: UNDP | H25: 71200 | I25: International Consultants | M25: =SUMIFS(Breakdown!L$33:'Breakdown'!L$51, Breakdown!$F$33:'Breakdown'!$F$51, $H25, Breakdown!$H$33:'Breakdown'!$H$51, $F$25) -> 15315 | N25: =SUMIFS(Breakdown!M$33:'Breakdown'!M$51, Breakdown!$F$33:'Breakdown'!$F$51, $H25, Breakdown!$H$33:'Breakdown'!$H$51, $F$25) -> 15412 | O25: =SUMIFS(Breakdown!N$33:'Breakdown'!N$51, Breakdown!$F$33:'Breakdown'!$F$51, $H25, Breakdown!$H$33:'Breakdown'!$H$51, $F$25) -> 6409 | P25: =SUMIFS(Breakdown!O$33:'Breakdown'!O$51, Breakdown!$F$33:'Breakdown'!$F$51, $H25, Breakdown!$H$33:'Breakdown'!$H$51, $F$25) -> 6312 | Q25: =SUM(M25:P25) -> 43448 | R25: 19 | S25: Includes: - For Output 2.1: $6,215 in Y1, $6,312 in Y2, $6,409 in Y3, $6,312 in Y4 for safeguards and gender consultants. - For Output 2.2: International expert recruited for about 14 days to suppport training of target stakeholders (7 days in Y1 and 7 days in Y2 @ $700/day). - For Output 2.3: An international consultant will support the industry association in terms of best-practices, membership growth, bylaws, etc. 12 days @ $700/day (6 days in Y1 and 6 days in Y2).
H26: 72100 | I26: Contractual services - Companies | M26: =SUMIFS(Breakdown!L$33:'Breakdown'!L$51, Breakdown!$F$33:'Breakdown'!$F$51, $H26, Breakdown!$H$33:'Breakdown'!$H$51, $F$25) -> 2000 | N26: =SUMIFS(Breakdown!M$33:'Breakdown'!M$51, Breakdown!$F$33:'Breakdown'!$F$51, $H26, Breakdown!$H$33:'Breakdown'!$H$51, $F$25) -> 2000 | O26: =SUMIFS(Breakdown!N$33:'Breakdown'!N$51, Breakdown!$F$33:'Breakdown'!$F$51, $H26, Breakdown!$H$33:'Breakdown'!$H$51, $F$25) -> 0 | P26: =SUMIFS(Breakdown!O$33:'Breakdown'!O$51, Breakdown!$F$33:'Breakdown'!$F$51, $H26, Breakdown!$H$33:'Breakdown'!$H$51, $F$25) -> 0 | Q26: =SUM(M26:P26) -> 4000 | R26: 20 | S26: Includes: - For Output 2.3: A firm will be hired to develop/design communication collaterals for the association such as website, deck, etc.@ $2,000 in Y1 and $2,000 in Y2.
H27: 72300 | I27: Materials & Goods | M27: =SUMIFS(Breakdown!L$33:'Breakdown'!L$51, Breakdown!$F$33:'Breakdown'!$F$51, $H27, Breakdown!$H$33:'Breakdown'!$H$51, $F$25) -> 2000 | N27: =SUMIFS(Breakdown!M$33:'Breakdown'!M$51, Breakdown!$F$33:'Breakdown'!$F$51, $H27, Breakdown!$H$33:'Breakdown'!$H$51, $F$25) -> 177622 | O27: =SUMIFS(Breakdown!N$33:'Breakdown'!N$51, Breakdown!$F$33:'Breakdown'!$F$51, $H27, Breakdown!$H$33:'Breakdown'!$H$51, $F$25) -> 222000 | P27: =SUMIFS(Breakdown!O$33:'Breakdown'!O$51, Breakdown!$F$33:'Breakdown'!$F$51, $H27, Breakdown!$H$33:'Breakdown'!$H$51, $F$25) -> 0 | Q27: =SUM(M27:P27) -> 401622 | R27: 21 | S27: Includes: - For Output 2.1: Procurement of minigrid and related goods and services for the two pilot projects: $177,622 in Y2 and $222,000 in Y3. - For Output 2.3: This will cover office supplies for the association, i.e. furnitures, etc. @ $2,000 in Y1
H28: 74100 | I28: Professional Services (Audit) | M28: =SUMIFS(Breakdown!L$33:'Breakdown'!L$51, Breakdown!$F$33:'Breakdown'!$F$51, $H28, Breakdown!$H$33:'Breakdown'!$H$51, $F$25) -> 2000 | N28: =SUMIFS(Breakdown!M$33:'Breakdown'!M$51, Breakdown!$F$33:'Breakdown'!$F$51, $H28, Breakdown!$H$33:'Breakdown'!$H$51, $F$25) -> 2000 | O28: =SUMIFS(Breakdown!N$33:'Breakdown'!N$51, Breakdown!$F$33:'Breakdown'!$F$51, $H28, Breakdown!$H$33:'Breakdown'!$H$51, $F$25) -> 0 | P28: =SUMIFS(Breakdown!O$33:'Breakdown'!O$51, Breakdown!$F$33:'Breakdown'!$F$51, $H28, Breakdown!$H$33:'Breakdown'!$H$51, $F$25) -> 0 | Q28: =SUM(M28:P28) -> 4000 | R28: 22 | S28: Includes: - For Output 2.3: To cover initiatial support for industry association in terms book-keeping, audit for 2 years@$2K per year for Y1 and Y2.
I29: sub-total UNDP | M29: =SUM(M25:M28) -> 21315 | N29: =SUM(N25:N28) -> 197034 | O29: =SUM(O25:O28) -> 228409 | P29: =SUM(P25:P28) -> 6312 | Q29: =SUM(M29:P29) -> 453070
I30: Total Outcome 2 | M30: =M24+M29 -> 62440 | N30: =N24+N29 -> 472643 | O30: =O24+O29 -> 239206 | P30: =P24+P29 -> 9609 | Q30: =Q24+Q29 -> 783898
A31: COMPONENT 3: Innovative financing | B31: ABER and UNCDF (RP) | D31: 62000 | F31: GEF | H31: 71600 | I31: Travel | M31: =SUMIFS(Breakdown!L$53:'Breakdown'!L$66, Breakdown!$F$53:'Breakdown'!$F$66, $H31, Breakdown!$H$53:'Breakdown'!$H$66, $F$31) -> 3224 | N31: =SUMIFS(Breakdown!M$53:'Breakdown'!M$66, Breakdown!$F$53:'Breakdown'!$F$66, $H31, Breakdown!$H$53:'Breakdown'!$H$66, $F$31) -> 3224 | O31: =SUMIFS(Breakdown!N$53:'Breakdown'!N$66, Breakdown!$F$53:'Breakdown'!$F$66, $H31, Breakdown!$H$53:'Breakdown'!$H$66, $F$31) -> 3224 | P31: =SUMIFS(Breakdown!O$53:'Breakdown'!O$66, Breakdown!$F$53:'Breakdown'!$F$66, $H31, Breakdown!$H$53:'Breakdown'!$H$66, $F$31) -> 0 | Q31: =SUM(M31:P31) -> 9672 | R31: 23 | S31: Includes: - For Output 3.1: This covers: DSAs for the international consultant for 12 days @ $281/day; 3 return tickets @ $1,500/ticket; Local travel for participants to the 3 trainings: 30 participants per training @$20/participant/training.
H32: 72100 | I32: Contractual services - Companies | M32: =SUMIFS(Breakdown!L$53:'Breakdown'!L$66, Breakdown!$F$53:'Breakdown'!$F$66, $H32, Breakdown!$H$53:'Breakdown'!$H$66, $F$31) -> 55000 | N32: =SUMIFS(Breakdown!M$53:'Breakdown'!M$66, Breakdown!$F$53:'Breakdown'!$F$66, $H32, Breakdown!$H$53:'Breakdown'!$H$66, $F$31) -> 25000 | O32: =SUMIFS(Breakdown!N$53:'Breakdown'!N$66, Breakdown!$F$53:'Breakdown'!$F$66, $H32, Breakdown!$H$53:'Breakdown'!$H$66, $F$31) -> 50000 | P32: =SUMIFS(Breakdown!O$53:'Breakdown'!O$66, Breakdown!$F$53:'Breakdown'!$F$66, $H32, Breakdown!$H$53:'Breakdown'!$H$66, $F$31) -> 0 | Q32: =SUM(M32:P32) -> 130000 | R32: 24 | S32: Includes: - For Output 3.1: 3 capacity-building consulting contracts@$5,000 each for Y1, Y2, Y3. - For Output 3.2: Contractual services for market assessment exercises @ $30,000 in Y1. - For Output 3.3: Contractual services for identification of instruments; design of fund operational structure; fundraising for the financial instrument @ $30,000 in Y3. - For Output 3.4: Contractual services for the feasibility study @ $20,000 in Y2 and $20,000 in Y3. - For Output 3.5: Contractual services for the development of the impact framework @ $15,000 in Y3.
H33: 74200 | I33: Audio Visual & Print Prod Costs | M33: =SUMIFS(Breakdown!L$53:'Breakdown'!L$66, Breakdown!$F$53:'Breakdown'!$F$66, $H33, Breakdown!$H$53:'Breakdown'!$H$66, $F$31) -> 3000 | N33: =SUMIFS(Breakdown!M$53:'Breakdown'!M$66, Breakdown!$F$53:'Breakdown'!$F$66, $H33, Breakdown!$H$53:'Breakdown'!$H$66, $F$31) -> 3000 | O33: =SUMIFS(Breakdown!N$53:'Breakdown'!N$66, Breakdown!$F$53:'Breakdown'!$F$66, $H33, Breakdown!$H$53:'Breakdown'!$H$66, $F$31) -> 0 | P33: =SUMIFS(Breakdown!O$53:'Breakdown'!O$66, Breakdown!$F$53:'Breakdown'!$F$66, $H33, Breakdown!$H$53:'Breakdown'!$H$66, $F$31) -> 3000 | Q33: =SUM(M33:P33) -> 9000 | R33: 25 | S33: Includes: - For Output 3.2: For dissemimnation of market intelligence @ $3,000 in Y1. - For Output 3.4: For dissemimnation of studies @ $3,000 in Y3. - For Output 3.5: For dissemimnation of studies @ $3,000 in Y4.
H34: 75700 | I34: Training, workshop, conference | M34: =SUMIFS(Breakdown!L$53:'Breakdown'!L$66, Breakdown!$F$53:'Breakdown'!$F$66, $H34, Breakdown!$H$53:'Breakdown'!$H$66, $F$31) -> 5000 | N34: =SUMIFS(Breakdown!M$53:'Breakdown'!M$66, Breakdown!$F$53:'Breakdown'!$F$66, $H34, Breakdown!$H$53:'Breakdown'!$H$66, $F$31) -> 5000 | O34: =SUMIFS(Breakdown!N$53:'Breakdown'!N$66, Breakdown!$F$53:'Breakdown'!$F$66, $H34, Breakdown!$H$53:'Breakdown'!$H$66, $F$31) -> 5000 | P34: =SUMIFS(Breakdown!O$53:'Breakdown'!O$66, Breakdown!$F$53:'Breakdown'!$F$66, $H34, Breakdown!$H$53:'Breakdown'!$H$66, $F$31) -> 2500 | Q34: =SUM(M34:P34) -> 17500 | R34: 26 | S34: Includes: - For Output 3.1: 3 trainings@$2,500 per, including venue, meals and per-diem in Y1, Y2, Y3. - For Output 3.4: To cover venues, food, etc. for 2 trainings at @ $2,500/training in Y2 and Y3. - For Output 3.5: To cover venues, food, etc. for 2 trainings at @ $2,500/training in Y3 and Y4.
I35: sub-total GEF | M35: =SUM(M31:M34) -> 66224 | N35: =SUM(N31:N34) -> 36224 | O35: =SUM(O31:O34) -> 58224 | P35: =SUM(P31:P34) -> 5500 | Q35: =SUM(M35:P35) -> 166172
D36: 4000 | F36: UNDP | H36: 72100 | I36: Contractual services - Companies | M36: =SUMIFS(Breakdown!L$53:'Breakdown'!L$66, Breakdown!$F$53:'Breakdown'!$F$66, $H36, Breakdown!$H$53:'Breakdown'!$H$66, $F$36) -> 0 | N36: =SUMIFS(Breakdown!M$53:'Breakdown'!M$66, Breakdown!$F$53:'Breakdown'!$F$66, $H36, Breakdown!$H$53:'Breakdown'!$H$66, $F$36) -> 0 | O36: =SUMIFS(Breakdown!N$53:'Breakdown'!N$66, Breakdown!$F$53:'Breakdown'!$F$66, $H36, Breakdown!$H$53:'Breakdown'!$H$66, $F$36) -> 20000 | P36: =SUMIFS(Breakdown!O$53:'Breakdown'!O$66, Breakdown!$F$53:'Breakdown'!$F$66, $H36, Breakdown!$H$53:'Breakdown'!$H$66, $F$36) -> 20000 | Q36: =SUM(M36:P36) -> 40000 | R36: 27 | S36: Includes: - For Output 3.3: Contractual services for identification of instruments; design of fund operational structure; fundraising for the financial instrument @ $20,000 in Y3. - For Output 3.5: Contractual services for the development of the impact framework @ $20,000 in Y4.
I37: sub-total UNDP | M37: =SUM(M36) -> 0 | N37: =SUM(N36) -> 0 | O37: =SUM(O36) -> 20000 | P37: =SUM(P36) -> 20000 | Q37: =SUM(M37:P37) -> 40000
I38: Total Outcome 3 | M38: =M35+M37 -> 66224 | N38: =N35+N37 -> 36224 | O38: =O35+O37 -> 78224 | P38: =P35+P37 -> 25500 | Q38: =Q35+Q37 -> 206172
A39: COMPONENT 4: Digital, Knowledge Management and Monitoring and Evaluation | B39: ABER | D39: 62000 | F39: GEF | H39: 71200 | I39: International Consultants | M39: =SUMIFS(Breakdown!L$68:'Breakdown'!L$95, Breakdown!$F$68:'Breakdown'!$F$95, $H39, Breakdown!$H$68:'Breakdown'!$H$95, $F$39) -> 14000 | N39: =SUMIFS(Breakdown!M$68:'Breakdown'!M$95, Breakdown!$F$68:'Breakdown'!$F$95, $H39, Breakdown!$H$68:'Breakdown'!$H$95, $F$39) -> 0 | O39: =SUMIFS(Breakdown!N$68:'Breakdown'!N$95, Breakdown!$F$68:'Breakdown'!$F$95, $H39, Breakdown!$H$68:'Breakdown'!$H$95, $F$39) -> 0 | P39: =SUMIFS(Breakdown!O$68:'Breakdown'!O$95, Breakdown!$F$68:'Breakdown'!$F$95, $H39, Breakdown!$H$68:'Breakdown'!$H$95, $F$39) -> 7000 | Q39: =SUM(M39:P39) -> 21000 | R39: 28 | S39: Includes: - For Output 4.1: Consultant recruited 10 days@$700 to develop digital strategy in Y1. - For Output 4.3: Consultant recruited 10 days@$700 to develop QAMF in Y1. - For Output 4.8: 1 consultant recruited for 10 days to draft a replication and scaled-up plan in Y4 @ $300/day.
H40: 71300 | I40: Local Consultants | M40: =SUMIFS(Breakdown!L$68:'Breakdown'!L$95, Breakdown!$F$68:'Breakdown'!$F$95, $H40, Breakdown!$H$68:'Breakdown'!$H$95, $F$39) -> 3000 | N40: =SUMIFS(Breakdown!M$68:'Breakdown'!M$95, Breakdown!$F$68:'Breakdown'!$F$95, $H40, Breakdown!$H$68:'Breakdown'!$H$95, $F$39) -> 15000 | O40: =SUMIFS(Breakdown!N$68:'Breakdown'!N$95, Breakdown!$F$68:'Breakdown'!$F$95, $H40, Breakdown!$H$68:'Breakdown'!$H$95, $F$39) -> 0 | P40: =SUMIFS(Breakdown!O$68:'Breakdown'!O$95, Breakdown!$F$68:'Breakdown'!$F$95, $H40, Breakdown!$H$68:'Breakdown'!$H$95, $F$39) -> 18000 | Q40: =SUM(M40:P40) -> 36000 | R40: 29 | S40: Includes: - For Output 4.1: Local consultant to support international expert @ $300 per day for 10 days in Y1. - For Output 4.4: $15,000 for national consultant for MTR in Y2 and $15,000 for TE in Y4. - For Output 4.8: 10 days field work/data collection, etc. for national consultant @ $300/day in Y4.
H41: 71600 | I41: Travel | M41: =SUMIFS(Breakdown!L$68:'Breakdown'!L$95, Breakdown!$F$68:'Breakdown'!$F$95, $H41, Breakdown!$H$68:'Breakdown'!$H$95, $F$39) -> 7610 | N41: =SUMIFS(Breakdown!M$68:'Breakdown'!M$95, Breakdown!$F$68:'Breakdown'!$F$95, $H41, Breakdown!$H$68:'Breakdown'!$H$95, $F$39) -> 16344 | O41: =SUMIFS(Breakdown!N$68:'Breakdown'!N$95, Breakdown!$F$68:'Breakdown'!$F$95, $H41, Breakdown!$H$68:'Breakdown'!$H$95, $F$39) -> 0 | P41: =SUMIFS(Breakdown!O$68:'Breakdown'!O$95, Breakdown!$F$68:'Breakdown'!$F$95, $H41, Breakdown!$H$68:'Breakdown'!$H$95, $F$39) -> 1500 | Q41: =SUM(M41:P41) -> 25454 | R41: 30 | S41: Includes: - For Output 4.1: This covers DSAs for the international consultant for 5 days @ $281/day; 1 return ticket @ $1,500/ticket; Local travel for participants to the training: 30 participants per training @$20/participant/training. - For Output 4.3: This covers DSAs for the international consultant for 5 days @ $281/day; 1 return ticket @ $1,500/ticket; Local travel for participants to the training: 30 participants per training @$20/participant/training. - For Output 4.5: This covers DSAs for 6 participants for 4 days @ $281/day; 6 return ticket @ $1,500/ticket (in Y2) - For Output 4.6: This covers local travel for participants to the training: 30 participants per training @$20/participant/training in Y1, and the same in Y2. - For Output 4.8: Local travel for data collection during field visits @ $1,500 in Y4.
H42: 72100 | I42: Contractual services - Companies | M42: =SUMIFS(Breakdown!L$68:'Breakdown'!L$95, Breakdown!$F$68:'Breakdown'!$F$95, $H42, Breakdown!$H$68:'Breakdown'!$H$95, $F$39) -> 48500 | N42: =SUMIFS(Breakdown!M$68:'Breakdown'!M$95, Breakdown!$F$68:'Breakdown'!$F$95, $H42, Breakdown!$H$68:'Breakdown'!$H$95, $F$39) -> 18500 | O42: =SUMIFS(Breakdown!N$68:'Breakdown'!N$95, Breakdown!$F$68:'Breakdown'!$F$95, $H42, Breakdown!$H$68:'Breakdown'!$H$95, $F$39) -> 0 | P42: =SUMIFS(Breakdown!O$68:'Breakdown'!O$95, Breakdown!$F$68:'Breakdown'!$F$95, $H42, Breakdown!$H$68:'Breakdown'!$H$95, $F$39) -> 10000 | Q42: =SUM(M42:P42) -> 77000 | R42: 31 | S42: Includes: - For Output 4.2: Contractual services for the development of the digital platform, including training of local stakeholders @ $45,000 in Y1 and $10,000 in Y2. - For Output 4.5: Hiring in year 2-4 of a consultant or local firm to gather data and audio-visual content (video footage, photos, etc.) on the national project subject of choice for the ‘insight brief @ $5,000 in Y2 and $5,000 in Y4. - For Output 4.6: Consultant /firm recruited to support establishment and development of of CoP in Burkina Faso @ $3,500 in Y2 and $3,500 in Y3. - For Output 4.7: A firm is recruited to capture and support dissemination of lessons learned @ $5,000 in Y4.
H43: 74200 | I43: Audio Visual & Print Prod Costs | M43: =SUMIFS(Breakdown!L$68:'Breakdown'!L$95, Breakdown!$F$68:'Breakdown'!$F$95, $H43, Breakdown!$H$68:'Breakdown'!$H$95, $F$39) -> 0 | N43: =SUMIFS(Breakdown!M$68:'Breakdown'!M$95, Breakdown!$F$68:'Breakdown'!$F$95, $H43, Breakdown!$H$68:'Breakdown'!$H$95, $F$39) -> 2500 | O43: =SUMIFS(Breakdown!N$68:'Breakdown'!N$95, Breakdown!$F$68:'Breakdown'!$F$95, $H43, Breakdown!$H$68:'Breakdown'!$H$95, $F$39) -> 0 | P43: =SUMIFS(Breakdown!O$68:'Breakdown'!O$95, Breakdown!$F$68:'Breakdown'!$F$95, $H43, Breakdown!$H$68:'Breakdown'!$H$95, $F$39) -> 5500 | Q43: =SUM(M43:P43) -> 8000 | R43: 32 | S43: Includes: - For Output 4.5: This will be used to cover costs such as translation services of the insight brief into English or other languages (if applicable/needed, visa fees, etc. @ $2,500 in Y2 and $2,500 in Y4. - For Output 4.7: Videos and briefs are produced and diisseminated @ $3,000 in Y4.
H44: 75700 | I44: Training, workshop, conference | M44: =SUMIFS(Breakdown!L$68:'Breakdown'!L$95, Breakdown!$F$68:'Breakdown'!$F$95, $H44, Breakdown!$H$68:'Breakdown'!$H$95, $F$39) -> 6500 | N44: =SUMIFS(Breakdown!M$68:'Breakdown'!M$95, Breakdown!$F$68:'Breakdown'!$F$95, $H44, Breakdown!$H$68:'Breakdown'!$H$95, $F$39) -> 5000 | O44: =SUMIFS(Breakdown!N$68:'Breakdown'!N$95, Breakdown!$F$68:'Breakdown'!$F$95, $H44, Breakdown!$H$68:'Breakdown'!$H$95, $F$39) -> 0 | P44: =SUMIFS(Breakdown!O$68:'Breakdown'!O$95, Breakdown!$F$68:'Breakdown'!$F$95, $H44, Breakdown!$H$68:'Breakdown'!$H$95, $F$39) -> 0 | Q44: =SUM(M44:P44) -> 11500 | R44: 33 | S44: Includes: - For Output 4.2: 2 Workshops on data strategy will be held at together with trainings on the digital strategy, as these two outputs go hand in hand @ $2,500 in Y2. - For Output 4.4: Inception workshop $4,000 in Y1. - For Output 4.6: Provision for various events/trainings, etc. @ $2,500 in Y2 and $2,500 in Y3.
I45: sub-total GEF | M45: =SUM(M39:M44) -> 79610 | N45: =SUM(N39:N44) -> 57344 | O45: =SUM(O39:O44) -> 0 | P45: =SUM(P39:P44) -> 42000 | Q45: =SUM(Q39:Q44) -> 178954
D46: 4000 | F46: UNDP | H46: 71200 | I46: International Consultants | M46: =SUMIFS(Breakdown!L$68:'Breakdown'!L$95, Breakdown!$F$68:'Breakdown'!$F$95, $H46, Breakdown!$H$68:'Breakdown'!$H$95, $F$46) -> 0 | N46: =SUMIFS(Breakdown!M$68:'Breakdown'!M$95, Breakdown!$F$68:'Breakdown'!$F$95, $H46, Breakdown!$H$68:'Breakdown'!$H$95, $F$46) -> 35000 | O46: =SUMIFS(Breakdown!N$68:'Breakdown'!N$95, Breakdown!$F$68:'Breakdown'!$F$95, $H46, Breakdown!$H$68:'Breakdown'!$H$95, $F$46) -> 0 | P46: =SUMIFS(Breakdown!O$68:'Breakdown'!O$95, Breakdown!$F$68:'Breakdown'!$F$95, $H46, Breakdown!$H$68:'Breakdown'!$H$95, $F$46) -> 35000 | Q46: =SUM(M46:P46) -> 70000 | R46: 34 | S46: Includes: - For Output 4.4: 2x35K for lead consultant for MTR and TE in Y2 and Y4.
H47: 71300 | I47: Local Consultants | M47: =SUMIFS(Breakdown!L$68:'Breakdown'!L$95, Breakdown!$F$68:'Breakdown'!$F$95, $H47, Breakdown!$H$68:'Breakdown'!$H$95, $F$46) -> 4500 | N47: =SUMIFS(Breakdown!M$68:'Breakdown'!M$95, Breakdown!$F$68:'Breakdown'!$F$95, $H47, Breakdown!$H$68:'Breakdown'!$H$95, $F$46) -> 1500 | O47: =SUMIFS(Breakdown!N$68:'Breakdown'!N$95, Breakdown!$F$68:'Breakdown'!$F$95, $H47, Breakdown!$H$68:'Breakdown'!$H$95, $F$46) -> 0 | P47: =SUMIFS(Breakdown!O$68:'Breakdown'!O$95, Breakdown!$F$68:'Breakdown'!$F$95, $H47, Breakdown!$H$68:'Breakdown'!$H$95, $F$46) -> 0 | Q47: =SUM(M47:P47) -> 6000 | R47: 35 | S47: Includes: - For Output 4.3: Local consultant to support international expert @ $300/day for 10 days in Y1. - For Output 4.6: Local consultant @ $1,500 in Y2 and $1,500 in Y3.
H48: 71600 | I48: Travel | M48: =SUMIFS(Breakdown!L$68:'Breakdown'!L$95, Breakdown!$F$68:'Breakdown'!$F$95, $H48, Breakdown!$H$68:'Breakdown'!$H$95, $F$46) -> 5000 | N48: =SUMIFS(Breakdown!M$68:'Breakdown'!M$95, Breakdown!$F$68:'Breakdown'!$F$95, $H48, Breakdown!$H$68:'Breakdown'!$H$95, $F$46) -> 5000 | O48: =SUMIFS(Breakdown!N$68:'Breakdown'!N$95, Breakdown!$F$68:'Breakdown'!$F$95, $H48, Breakdown!$H$68:'Breakdown'!$H$95, $F$46) -> 5000 | P48: =SUMIFS(Breakdown!O$68:'Breakdown'!O$95, Breakdown!$F$68:'Breakdown'!$F$95, $H48, Breakdown!$H$68:'Breakdown'!$H$95, $F$46) -> 5000 | Q48: =SUM(M48:P48) -> 20000 | R48: 36 | S48: Includes: - For Output 4.4: This covers local travel for M&E @ $5,000/year
H49: 72300 | I49: Materials & Goods | M49: =SUMIFS(Breakdown!L$68:'Breakdown'!L$95, Breakdown!$F$68:'Breakdown'!$F$95, $H49, Breakdown!$H$68:'Breakdown'!$H$95, $F$46) -> 55000 | N49: =SUMIFS(Breakdown!M$68:'Breakdown'!M$95, Breakdown!$F$68:'Breakdown'!$F$95, $H49, Breakdown!$H$68:'Breakdown'!$H$95, $F$46) -> 0 | O49: =SUMIFS(Breakdown!N$68:'Breakdown'!N$95, Breakdown!$F$68:'Breakdown'!$F$95, $H49, Breakdown!$H$68:'Breakdown'!$H$95, $F$46) -> 0 | P49: =SUMIFS(Breakdown!O$68:'Breakdown'!O$95, Breakdown!$F$68:'Breakdown'!$F$95, $H49, Breakdown!$H$68:'Breakdown'!$H$95, $F$46) -> 0 | Q49: =SUM(M49:P49) -> 55000 | R49: 37 | S49: Includes: - For Output 4.4: Vehicle at $52K + 2 motorcycles at $1500 for project coordination/monitoring in Y1.
H50: 74200 | I50: Audio Visual & Print Prod Costs | M50: =SUMIFS(Breakdown!L$68:'Breakdown'!L$95, Breakdown!$F$68:'Breakdown'!$F$95, $H50, Breakdown!$H$68:'Breakdown'!$H$95, $F$46) -> 0 | N50: =SUMIFS(Breakdown!M$68:'Breakdown'!M$95, Breakdown!$F$68:'Breakdown'!$F$95, $H50, Breakdown!$H$68:'Breakdown'!$H$95, $F$46) -> 5000 | O50: =SUMIFS(Breakdown!N$68:'Breakdown'!N$95, Breakdown!$F$68:'Breakdown'!$F$95, $H50, Breakdown!$H$68:'Breakdown'!$H$95, $F$46) -> 0 | P50: =SUMIFS(Breakdown!O$68:'Breakdown'!O$95, Breakdown!$F$68:'Breakdown'!$F$95, $H50, Breakdown!$H$68:'Breakdown'!$H$95, $F$46) -> 5000 | Q50: =SUM(M50:P50) -> 10000 | R50: 38 | S50: Includes: - For Output 4.4: Translation for MTR, TE and other documents/reports from M&E and coordination @ $5,000 in Y2 and $5,000 in Y4.
H51: 75700 | I51: Training, workshop, conferences | M51: =SUMIFS(Breakdown!L$68:'Breakdown'!L$95, Breakdown!$F$68:'Breakdown'!$F$95, $H51, Breakdown!$H$68:'Breakdown'!$H$95, $F$46) -> 5000 | N51: =SUMIFS(Breakdown!M$68:'Breakdown'!M$95, Breakdown!$F$68:'Breakdown'!$F$95, $H51, Breakdown!$H$68:'Breakdown'!$H$95, $F$46) -> 0 | O51: =SUMIFS(Breakdown!N$68:'Breakdown'!N$95, Breakdown!$F$68:'Breakdown'!$F$95, $H51, Breakdown!$H$68:'Breakdown'!$H$95, $F$46) -> 0 | P51: =SUMIFS(Breakdown!O$68:'Breakdown'!O$95, Breakdown!$F$68:'Breakdown'!$F$95, $H51, Breakdown!$H$68:'Breakdown'!$H$95, $F$46) -> 0 | Q51: =SUM(M51:P51) -> 5000 | R51: 39 | S51: Includes: - For Output 4.1: Capacity-building on the digital strategy will be held back-to-back with the training on data strategy in first year of the project and also some trainings under 2.1 in regards to tenders and procurement, and use of the digital platform/tool. This is for optimizing budget and also ensuring linkages between these outputs @ $2,500 in Y1. - For Output 4.3: Cost to be applied towards training on using the QAF in coordination of output 2.1 for pilot projects. Training should be strealined with those in component 2, especially around pilot projects @ $2,500 for Y1.
I52: sub-total UNDP | M52: =SUM(M46:M51) -> 69500 | N52: =SUM(N46:N51) -> 46500 | O52: =SUM(O46:O51) -> 5000 | P52: =SUM(P46:P51) -> 45000 | Q52: =SUM(M52:P52) -> 166000
I53: Total Outcome 4 | M53: =M45+M52 -> 149110 | N53: =N45+N52 -> 103844 | O53: =O45+O52 -> 5000 | P53: =P45+P52 -> 87000 | Q53: =Q45+Q52 -> 344954
A54: PROJECT MANAGEMENT | B54: ABER | D54: 62000 | F54: GEF | H54: 71300 | I54: Local Consultants | M54: =SUMIFS(Breakdown!L$98:'Breakdown'!L$103, Breakdown!$F$98:'Breakdown'!$F$103, $H54, Breakdown!$H$98:'Breakdown'!$H$103, $F$54) -> 16596 | N54: =SUMIFS(Breakdown!M$98:'Breakdown'!M$103, Breakdown!$F$98:'Breakdown'!$F$103, $H54, Breakdown!$H$98:'Breakdown'!$H$103, $F$54) -> 16596 | O54: =SUMIFS(Breakdown!N$98:'Breakdown'!N$103, Breakdown!$F$98:'Breakdown'!$F$103, $H54, Breakdown!$H$98:'Breakdown'!$H$103, $F$54) -> 16596 | P54: =SUMIFS(Breakdown!O$98:'Breakdown'!O$103, Breakdown!$F$98:'Breakdown'!$F$103, $H54, Breakdown!$H$98:'Breakdown'!$H$103, $F$54) -> 16596 | Q54: =SUM(M54:P54) -> 66384 | R54: 40 | S54: PMU staff: Admin & Finance Expert @$1,383 for 48 months.
H55: 74100 | I55: Professional Services (Audit) | M55: =SUMIFS(Breakdown!L$98:'Breakdown'!L$103, Breakdown!$F$98:'Breakdown'!$F$103, $H55, Breakdown!$H$98:'Breakdown'!$H$103, $F$54) -> 4000 | N55: =SUMIFS(Breakdown!M$98:'Breakdown'!M$103, Breakdown!$F$98:'Breakdown'!$F$103, $H55, Breakdown!$H$98:'Breakdown'!$H$103, $F$54) -> 4000 | O55: =SUMIFS(Breakdown!N$98:'Breakdown'!N$103, Breakdown!$F$98:'Breakdown'!$F$103, $H55, Breakdown!$H$98:'Breakdown'!$H$103, $F$54) -> 4000 | P55: =SUMIFS(Breakdown!O$98:'Breakdown'!O$103, Breakdown!$F$98:'Breakdown'!$F$103, $H55, Breakdown!$H$98:'Breakdown'!$H$103, $F$54) -> 4000 | Q55: =SUM(M55:P55) -> 16000 | R55: 41 | S55: This will cover audit for 4 years@$4,000 per year.
H56: 74500 | I56: Miscellaneous expenses | M56: =SUMIFS(Breakdown!L$98:'Breakdown'!L$103, Breakdown!$F$98:'Breakdown'!$F$103, $H56, Breakdown!$H$98:'Breakdown'!$H$103, $F$54) -> 1113 | N56: =SUMIFS(Breakdown!M$98:'Breakdown'!M$103, Breakdown!$F$98:'Breakdown'!$F$103, $H56, Breakdown!$H$98:'Breakdown'!$H$103, $F$54) -> 174 | O56: =SUMIFS(Breakdown!N$98:'Breakdown'!N$103, Breakdown!$F$98:'Breakdown'!$F$103, $H56, Breakdown!$H$98:'Breakdown'!$H$103, $F$54) -> 0 | P56: =SUMIFS(Breakdown!O$98:'Breakdown'!O$103, Breakdown!$F$98:'Breakdown'!$F$103, $H56, Breakdown!$H$98:'Breakdown'!$H$103, $F$54) -> 0 | Q56: =SUM(M56:P56) -> 1287 | R56: 42 | S56: Miscellaneous expenses for the PMU: $1,113 in Y1 and $174 in Y2.
I57: sub-total GEF | M57: =SUM(M54:M56) -> 21709 | N57: =SUM(N54:N56) -> 20770 | O57: =SUM(O54:O56) -> 20596 | P57: =SUM(P54:P56) -> 20596 | Q57: =SUM(M57:P57) -> 83671
D58: 4000 | F58: UNDP | H58: 71300 | I58: Local Consultants | M58: =SUMIFS(Breakdown!L$98:'Breakdown'!L$103, Breakdown!$F$98:'Breakdown'!$F$103, $H58, Breakdown!$H$98:'Breakdown'!$H$103, $F$58) -> 24576 | N58: =SUMIFS(Breakdown!M$98:'Breakdown'!M$103, Breakdown!$F$98:'Breakdown'!$F$103, $H58, Breakdown!$H$98:'Breakdown'!$H$103, $F$58) -> 24576 | O58: =SUMIFS(Breakdown!N$98:'Breakdown'!N$103, Breakdown!$F$98:'Breakdown'!$F$103, $H58, Breakdown!$H$98:'Breakdown'!$H$103, $F$58) -> 24576 | P58: =SUMIFS(Breakdown!O$98:'Breakdown'!O$103, Breakdown!$F$98:'Breakdown'!$F$103, $H58, Breakdown!$H$98:'Breakdown'!$H$103, $F$58) -> 24576 | Q58: =SUM(M58:P58) -> 98304 | R58: 43 | S58: PMU staff: Full Time Project Manager @ $1,710 for 48 months; driver @ $338 for 48 months.
H59: 72800 | I59: IT Equipment | M59: =SUMIFS(Breakdown!L$98:'Breakdown'!L$103, Breakdown!$F$98:'Breakdown'!$F$103, $H59, Breakdown!$H$98:'Breakdown'!$H$103, $F$58) -> 8000 | N59: =SUMIFS(Breakdown!M$98:'Breakdown'!M$103, Breakdown!$F$98:'Breakdown'!$F$103, $H59, Breakdown!$H$98:'Breakdown'!$H$103, $F$58) -> 0 | O59: =SUMIFS(Breakdown!N$98:'Breakdown'!N$103, Breakdown!$F$98:'Breakdown'!$F$103, $H59, Breakdown!$H$98:'Breakdown'!$H$103, $F$58) -> 0 | P59: =SUMIFS(Breakdown!O$98:'Breakdown'!O$103, Breakdown!$F$98:'Breakdown'!$F$103, $H59, Breakdown!$H$98:'Breakdown'!$H$103, $F$58) -> 0 | Q59: =SUM(M59:P59) -> 8000 | R59: 44 | S59: This will cover purchase of 5 computers + printer + scanner.
H60: 74500 | I60: Miscellaneous expenses | M60: =SUMIFS(Breakdown!L$98:'Breakdown'!L$103, Breakdown!$F$98:'Breakdown'!$F$103, $H60, Breakdown!$H$98:'Breakdown'!$H$103, $F$58) -> 0 | N60: =SUMIFS(Breakdown!M$98:'Breakdown'!M$103, Breakdown!$F$98:'Breakdown'!$F$103, $H60, Breakdown!$H$98:'Breakdown'!$H$103, $F$58) -> 826 | O60: =SUMIFS(Breakdown!N$98:'Breakdown'!N$103, Breakdown!$F$98:'Breakdown'!$F$103, $H60, Breakdown!$H$98:'Breakdown'!$H$103, $F$58) -> 1000 | P60: =SUMIFS(Breakdown!O$98:'Breakdown'!O$103, Breakdown!$F$98:'Breakdown'!$F$103, $H60, Breakdown!$H$98:'Breakdown'!$H$103, $F$58) -> 1000 | Q60: =SUM(M60:P60) -> 2826 | R60: 45 | S60: Miscellaneous expenses for the PMU.
I61: sub-total UNDP | M61: =SUM(M58:M60) -> 32576 | N61: =SUM(N58:N60) -> 25402 | O61: =SUM(O58:O60) -> 25576 | P61: =SUM(P58:P60) -> 25576 | Q61: =SUM(M61:P61) -> 109130
I62: Total Project Management | M62: =M57+M61 -> 54285 | N62: =N57+N61 -> 46172 | O62: =O57+O61 -> 46172 | P62: =P57+P61 -> 46172 | Q62: =Q57+Q61 -> 192801
A63: SUB-TOTAL GEF | M63: =SUM(M11,M24,M35,M45,M57) -> 288579 | N63: =SUM(N11,N24,N35,N45,N57) -> 445272 | O63: =SUM(O11,O24,O35,O45,O57) -> 102322 | P63: =SUM(P11,P24,P35,P45,P57) -> 88393 | Q63: =SUM(Q11,Q24,Q35,Q45,Q57) -> 924566
A64: SUB-TOTAL UNDP | M64: =SUM(M14,M29,M37,M52,M61) -> 142791 | N64: =SUM(N14,N29,N37,N52,N61) -> 278536 | O64: =SUM(O14,O29,O37,O52,O61) -> 281785 | P64: =SUM(P14,P29,P37,P52,P61) -> 96888 | Q64: =SUM(Q14,Q29,Q37,Q52,Q61) -> 800000
A65: PROJECT TOTAL | M65: =SUM(M63:M64) -> 431370 | N65: =SUM(N63:N64) -> 723808 | O65: =SUM(O63:O64) -> 384107 | P65: =SUM(P63:P64) -> 185281 | Q65: =SUM(Q63:Q64) -> 1724566

Sheet Budget_Notes
A1: Budget Note | B1: Description
A2: =Budget_UNDP!R3 -> 1 | B2: =Budget_UNDP!S3 -> Includes: - For Output 1.2: This covers contracting of 1 senior international consultant for 12 days (@ $700/day) with expertise in minigrid delivery models in Y1. - For Output 1.4: An international expert on quality standards for minigrids will be recruited for 20 days (@ $700/day), including 5 days in Y1 and 15 days in Y2 to support development of quality standards and institutional capacity-building. - For Output 1.5: An international expert will be recruited for 10 days (@ $700/day), including 5 days in Y1 and 5 days in Y2 to support the operatinalization of the certification scheme. - For Output 1.6: An international consultant @$700/day will be recruited for 10 days in Y4 to conduct the lightweight DREI analysis.
A3: =Budget_UNDP!R4 -> 2 | B3: =Budget_UNDP!S4 -> Includes: - For Output 1.1: $300 per meeting x 20 meetings of the multi-stakeholder platform over 4 years. - For Output 1.2: A local technical expert will be contracted for 20 days to support the international consultant in drafting a minigrid delivery strategy (@$300/day) in Y1. - For Output 1.3: A local consultant will be recruited for 20 days (8 days in Y1, 8 days in Y2, 4 days in Y3) to support the international expert in providing capacity-building trainings (@$300/day). - For Output 1.4: A national consultant will be recruited to suppport the international expert. This is planned to cover 20 days level of effort (@ $300/day), including 5 days in Y1 and 15 days in Y2. - For Output 1.5: A local consultant will be recruited for 10 days (@ $300/day), including 5 days in Y1 and 5 days in Y2 to support the international consultant. - For Output 1.6: A national consultant @ $300/day will be recruited for 10 days in Y4 to support the lightweight DREI analysis.
A4: =Budget_UNDP!R5 -> 3 | B4: =Budget_UNDP!S5 -> Includes: - For Output 1.1: DSA for local travel for each meeting (@$200/meeting for 20 meetings, 5 in each year); DSA for 2 people for 5 days @$281/day from the Senegalese platform in 2 trips (3 days + 2 days in Y1); 2 return tickets (Dakar - Ouagadougou) for 2 people from the Senegalese Platform (@$800/flight) in Y1. - For Output 1.2: This covers (all in Y1): 4 days DSA for international consultant ($281*4); 1 international return ticket for international consultant (@$1,500 per return ticket). The international consultant will attend the inception workshop virtually and the dissemination workshop on site. Local travel for local consultant and stakeholders ($20*70). - For Output 1.3: This covers DSA for the international consultant for the 3 trainings (9 days in Y1, 9 days in Y2, 5 days in Y3) @ $281/day; Local travel for participants to the 3 trainings: 30 participants per training @$20/participant/training; 3 return tickets for the international consultant @ $1,500/ticket (1 in each of Y1, Y2, Y3). - For Output 1.4: This covers DSA for the international consultant for the 3 trainings (4 days in Y1 and 12 days in Y2) @$281/day; Local travel for participants to the 3 trainings: 30 participants per training @$20/participant/training, with 1 training in Y1 and 2 trainings in Y2; 3 return tickets for the international consultant @ $1,500/ticket (1 in Y1 and 2 in Y2). - For Output 1.5: This covers DSA for the international consultant for 2 trainings (4 days in Y1 and 4 days in Y2) @$281/day; Local travel for participants to the 2 trainings: 30 participants per training @$20/participant/training, with 1 training in Y1 and 1 training in Y2; 2 return tickets for the international consultant @ $2,000/ticket (1 in Y1 and 1 in Y2).
A5: =Budget_UNDP!R6 -> 4 | B5: =Budget_UNDP!S6 -> Includes: - For Output 1.3: For procurement of tools necessary for increasing capacity of target stakeholders (@ $1,000 per year in Y1, Y2, Y3). - For Output 1.4: Covers equipement and material for the testing laboratory (bought in Y1), for $5,000 in total.
A6: =Budget_UNDP!R7 -> 5 | B6: =Budget_UNDP!S7 -> Includes: - For Output 1.3: Supplies related to trainings and building technical capacities of target institutional actors (@ $1,000 per year in Y1, Y2, Y3).
A7: =Budget_UNDP!R8 -> 6 | B7: =Budget_UNDP!S8 -> Includes: - For Output 1.4: Communication costs at $1,000 in Y2. - For Output 1.6: Communication and translation costs for $3,000 in Y4.
A8: =Budget_UNDP!R9 -> 7 | B8: =Budget_UNDP!S9 -> Includes: - For Output 1.1: This will cover venues and related cost for for capacity- building trainings of multi-stakeholders' platform on various themes such as e-waste, tax-exemption, fundraising, delivery models, innovative minigrid technologies, etc. This line item will also cover participation of members of the Platform in workshops, when necessary (@$1,500/year). - For Output 1.2: This covers venue and related costs for 2 workshops (inception and dissemination) in Y1 during the minigrid strategy development (@$2,500 per workshop). - For Output 1.3: To cover venue and related cost for the 3 trainings @ $2,500 per training in Y1 and Y2, and $2,000 in Y3. - For Output 1.4: This covers 3 trainings @2,500/training, including 1 training and Y1 and 2 trainings in Y2. - For Output 1.5: This covers 2 trainings @2,500/training, including 1 training and Y1 and 1 training in Y2.
A9: =Budget_UNDP!R10 -> 8 | B9: =Budget_UNDP!S10 -> Includes: - For Output 1.4: This covers 3 computers and other IT equipment for the testing laboratory (bought in Y1), for a total of $8,000.
A10: =Budget_UNDP!R12 -> 9 | B10: =Budget_UNDP!S12 -> Includes: - For Output 1.1: 2 consultants paid @ $700 / day for 7 days each to support the national multi-stakeholder platform. - For Output 1.3: International consultant will be recruited for 20 days (8 days in Y1, 8 days in Y2, 4 days in Y3), so 3 trainings in total, to provide capacity-building trainings to targeted public sector stakeholders involved in minigrid promotion such as regulator, agencies, etc. (@ $700/day).
A11: =Budget_UNDP!R13 -> 10 | B11: =Budget_UNDP!S13 -> Includes: - For Output 1.5: Covers equipement and material for the trainings, $4,000 in Y1 and $4,000 in Y2.
A12: =Budget_UNDP!R16 -> 11 | B12: =Budget_UNDP!S16 -> Includes: - For Output 2.1: This include: $12K for a legal consultant to support the tender and contracting process for the pilot projects in Y1; $7,020 for a safeguards consultant in Y1.
A13: =Budget_UNDP!R17 -> 12 | B13: =Budget_UNDP!S17 -> Includes: - For Output 2.2: Local expert to support elaboration and capacity-buidling in collaboration with an international expert: 10 days in Y1 and 10 days in Y2 @ $300/day.. - For Output 2.3: Part-time HR to provide admin services to the Association and also adhoc consulting needs (12 days @ $300/day for Y1 and Y2 each).
A14: =Budget_UNDP!R18 -> 13 | B14: =Budget_UNDP!S18 -> Includes: - For Output 2.2: This covers DSA for the international consultant for the 2 trainings (5 days in Y1, 5 days in Y2) @ $281/day; Local travel for participants to the 2 trainings: 30 participants per training @$20/participant/training; 2 return tickets for the international consultant @ $2,000/ticket (1 in each of Y1, Y2). - For Output 2.3: This covers DSAs for 4 people for 5 days @ $281/day; 4 return tickets: 1 for the international consultant @ $2,000/ticket, and 3 for the members of the association @ $1,500/ticket.
A15: =Budget_UNDP!R19 -> 14 | B15: =Budget_UNDP!S19 -> Includes: - For Output 2.1: Sub-contract to international firm/manufacturer to provide O&M @ $6,506 for Y2 then $3,297/year for Y3, Y4.
A16: =Budget_UNDP!R20 -> 15 | B16: =Budget_UNDP!S20 -> Includes: - For Output 2.1: Procurement of minigrid and related goods and services for the two pilot projects.
A17: =Budget_UNDP!R21 -> 16 | B17: =Budget_UNDP!S21 -> Includes: - For Output 2.3: 2 computers, 1 printers, etc. for the office @ $2,500 in Y1.
A18: =Budget_UNDP!R22 -> 17 | B18: =Budget_UNDP!S22 -> Includes: - For Output 2.3: This will cover printing of brochures, business cards and etc. @ $1,500 in Y1.
A19: =Budget_UNDP!R23 -> 18 | B19: =Budget_UNDP!S23 -> Includes: - For Output 2.1: Training in innovative business models, entrepreneurship, installations, financial literacy for women. Also, issues of IPP and climate change will be covered under these trainings. - For Output 2.2: This covers 2 trainings @2,500/training, including 1 training and Y1 and 1 training in Y2. - For Output 2.3: This covers venue, breaks, etc. fees paid to attend conferences, etc. as well as possible registration fees to attend workshops @ $2,500 in Y1 and $2,500 in Y2.
A20: =Budget_UNDP!R25 -> 19 | B20: =Budget_UNDP!S25 -> Includes: - For Output 2.1: $6,215 in Y1, $6,312 in Y2, $6,409 in Y3, $6,312 in Y4 for safeguards and gender consultants. - For Output 2.2: International expert recruited for about 14 days to suppport training of target stakeholders (7 days in Y1 and 7 days in Y2 @ $700/day). - For Output 2.3: An international consultant will support the industry association in terms of best-practices, membership growth, bylaws, etc. 12 days @ $700/day (6 days in Y1 and 6 days in Y2).
A21: =Budget_UNDP!R26 -> 20 | B21: =Budget_UNDP!S26 -> Includes: - For Output 2.3: A firm will be hired to develop/design communication collaterals for the association such as website, deck, etc.@ $2,000 in Y1 and $2,000 in Y2.
A22: =Budget_UNDP!R27 -> 21 | B22: =Budget_UNDP!S27 -> Includes: - For Output 2.1: Procurement of minigrid and related goods and services for the two pilot projects: $177,622 in Y2 and $222,000 in Y3. - For Output 2.3: This will cover office supplies for the association, i.e. furnitures, etc. @ $2,000 in Y1
A23: =Budget_UNDP!R28 -> 22 | B23: =Budget_UNDP!S28 -> Includes: - For Output 2.3: To cover initiatial support for industry association in terms book-keeping, audit for 2 years@$2K per year for Y1 and Y2.
A24: =Budget_UNDP!R31 -> 23 | B24: =Budget_UNDP!S31 -> Includes: - For Output 3.1: This covers: DSAs for the international consultant for 12 days @ $281/day; 3 return tickets @ $1,500/ticket; Local travel for participants to the 3 trainings: 30 participants per training @$20/participant/training.
A25: =Budget_UNDP!R32 -> 24 | B25: =Budget_UNDP!S32 -> Includes: - For Output 3.1: 3 capacity-building consulting contracts@$5,000 each for Y1, Y2, Y3. - For Output 3.2: Contractual services for market assessment exercises @ $30,000 in Y1. - For Output 3.3: Contractual services for identification of instruments; design of fund operational structure; fundraising for the financial instrument @ $30,000 in Y3. - For Output 3.4: Contractual services for the feasibility study @ $20,000 in Y2 and $20,000 in Y3. - For Output 3.5: Contractual services for the development of the impact framework @ $15,000 in Y3.
A26: =Budget_UNDP!R33 -> 25 | B26: =Budget_UNDP!S33 -> Includes: - For Output 3.2: For dissemimnation of market intelligence @ $3,000 in Y1. - For Output 3.4: For dissemimnation of studies @ $3,000 in Y3. - For Output 3.5: For dissemimnation of studies @ $3,000 in Y4.
A27: =Budget_UNDP!R34 -> 26 | B27: =Budget_UNDP!S34 -> Includes: - For Output 3.1: 3 trainings@$2,500 per, including venue, meals and per-diem in Y1, Y2, Y3. - For Output 3.4: To cover venues, food, etc. for 2 trainings at @ $2,500/training in Y2 and Y3. - For Output 3.5: To cover venues, food, etc. for 2 trainings at @ $2,500/training in Y3 and Y4.
A28: =Budget_UNDP!R36 -> 27 | B28: =Budget_UNDP!S36 -> Includes: - For Output 3.3: Contractual services for identification of instruments; design of fund operational structure; fundraising for the financial instrument @ $20,000 in Y3. - For Output 3.5: Contractual services for the development of the impact framework @ $20,000 in Y4.
A29: =Budget_UNDP!R39 -> 28 | B29: =Budget_UNDP!S39 -> Includes: - For Output 4.1: Consultant recruited 10 days@$700 to develop digital strategy in Y1. - For Output 4.3: Consultant recruited 10 days@$700 to develop QAMF in Y1. - For Output 4.8: 1 consultant recruited for 10 days to draft a replication and scaled-up plan in Y4 @ $300/day.
A30: =Budget_UNDP!R40 -> 29 | B30: =Budget_UNDP!S40 -> Includes: - For Output 4.1: Local consultant to support international expert @ $300 per day for 10 days in Y1. - For Output 4.4: $15,000 for national consultant for MTR in Y2 and $15,000 for TE in Y4. - For Output 4.8: 10 days field work/data collection, etc. for national consultant @ $300/day in Y4.
A31: =Budget_UNDP!R41 -> 30 | B31: =Budget_UNDP!S41 -> Includes: - For Output 4.1: This covers DSAs for the international consultant for 5 days @ $281/day; 1 return ticket @ $1,500/ticket; Local travel for participants to the training: 30 participants per training @$20/participant/training. - For Output 4.3: This covers DSAs for the international consultant for 5 days @ $281/day; 1 return ticket @ $1,500/ticket; Local travel for participants to the training: 30 participants per training @$20/participant/training. - For Output 4.5: This covers DSAs for 6 participants for 4 days @ $281/day; 6 return ticket @ $1,500/ticket (in Y2) - For Output 4.6: This covers local travel for participants to the training: 30 participants per training @$20/participant/training in Y1, and the same in Y2. - For Output 4.8: Local travel for data collection during field visits @ $1,500 in Y4.
A32: =Budget_UNDP!R42 -> 31 | B32: =Budget_UNDP!S42 -> Includes: - For Output 4.2: Contractual services for the development of the digital platform, including training of local stakeholders @ $45,000 in Y1 and $10,000 in Y2. - For Output 4.5: Hiring in year 2-4 of a consultant or local firm to gather data and audio-visual content (video footage, photos, etc.) on the national project subject of choice for the ‘insight brief @ $5,000 in Y2 and $5,000 in Y4. - For Output 4.6: Consultant /firm recruited to support establishment and development of of CoP in Burkina Faso @ $3,500 in Y2 and $3,500 in Y3. - For Output 4.7: A firm is recruited to capture and support dissemination of lessons learned @ $5,000 in Y4.
A33: =Budget_UNDP!R43 -> 32 | B33: =Budget_UNDP!S43 -> Includes: - For Output 4.5: This will be used to cover costs such as translation services of the insight brief into English or other languages (if applicable/needed, visa fees, etc. @ $2,500 in Y2 and $2,500 in Y4. - For Output 4.7: Videos and briefs are produced and diisseminated @ $3,000 in Y4.
A34: =Budget_UNDP!R44 -> 33 | B34: =Budget_UNDP!S44 -> Includes: - For Output 4.2: 2 Workshops on data strategy will be held at together with trainings on the digital strategy, as these two outputs go hand in hand @ $2,500 in Y2. - For Output 4.4: Inception workshop $4,000 in Y1. - For Output 4.6: Provision for various events/trainings, etc. @ $2,500 in Y2 and $2,500 in Y3.
A35: =Budget_UNDP!R46 -> 34 | B35: =Budget_UNDP!S46 -> Includes: - For Output 4.4: 2x35K for lead consultant for MTR and TE in Y2 and Y4.
A36: =Budget_UNDP!R47 -> 35 | B36: =Budget_UNDP!S47 -> Includes: - For Output 4.3: Local consultant to support international expert @ $300/day for 10 days in Y1. - For Output 4.6: Local consultant @ $1,500 in Y2 and $1,500 in Y3.
A37: =Budget_UNDP!R48 -> 36 | B37: =Budget_UNDP!S48 -> Includes: - For Output 4.4: This covers local travel for M&E @ $5,000/year
A38: =Budget_UNDP!R49 -> 37 | B38: =Budget_UNDP!S49 -> Includes: - For Output 4.4: Vehicle at $52K + 2 motorcycles at $1500 for project coordination/monitoring in Y1.
A39: =Budget_UNDP!R50 -> 38 | B39: =Budget_UNDP!S50 -> Includes: - For Output 4.4: Translation for MTR, TE and other documents/reports from M&E and coordination @ $5,000 in Y2 and $5,000 in Y4.
A40: =Budget_UNDP!R51 -> 39 | B40: =Budget_UNDP!S51 -> Includes: - For Output 4.1: Capacity-building on the digital strategy will be held back-to-back with the training on data strategy in first year of the project and also some trainings under 2.1 in regards to tenders and procurement, and use of the digital platform/tool. This is for optimizing budget and also ensuring linkages between these outputs @ $2,500 in Y1. - For Output 4.3: Cost to be applied towards training on using the QAF in coordination of output 2.1 for pilot projects. Training should be strealined with those in component 2, especially around pilot projects @ $2,500 for Y1.
A41: =Budget_UNDP!R54 -> 40 | B41: =Budget_UNDP!S54 -> PMU staff: Admin & Finance Expert @$1,383 for 48 months.
A42: =Budget_UNDP!R55 -> 41 | B42: =Budget_UNDP!S55 -> This will cover audit for 4 years@$4,000 per year.
A43: =Budget_UNDP!R56 -> 42 | B43: =Budget_UNDP!S56 -> Miscellaneous expenses for the PMU: $1,113 in Y1 and $174 in Y2.
A44: =Budget_UNDP!R58 -> 43 | B44: =Budget_UNDP!S58 -> PMU staff: Full Time Project Manager @ $1,710 for 48 months; driver @ $338 for 48 months.
A45: =Budget_UNDP!R59 -> 44 | B45: =Budget_UNDP!S59 -> This will cover purchase of 5 computers + printer + scanner.
A46: =Budget_UNDP!R60 -> 45 | B46: =Budget_UNDP!S60 -> Miscellaneous expenses for the PMU.

Sheet M&E
A1: Monitoring and Evaluation Plan and Budget:
A2: This M&E plan and budget provides a breakdown of costs for M&E activities to be led by the Project Management Unit during project implementation. These costs are included in Component 4 of the Results Framework and TBWP. For ease of reporting M&E costs, please include all costs reported in the M&E plan under the one technical component. The oversight and participation of the UNDP Country Office/Regional technical advisors/HQ Units are not included as these are covered by the GEF Fee.
A3: GEF M&E requirements | B3: Indicative costs (US$) | C3: GEF (US$) | D3: UNDP (US$) | E3: Time frame
A4: Inception Workshop | B4: 4000 | C4: 4000 | D4: 0 | E4: Within 60 days of CEO endorsement of this project.
A5: Inception Report | B5: None | C5: 0 | D5: 0 | E5: Within 90 days of CEO endorsement of this project.
A6: M&E of GEF core indicators and project results framework | B6: $3,500 per year for 4 years | C6: 0 | D6: =3500*4 -> 14000 | E6: Annually before the GEF PIR and at mid-point and closure. This result framework will include GEF core indicators. | F6: These both cells are included in Output 4.4. under budget line "Travel"
A7: GEF Project Implementation Report (PIR) | B7: $2,000 per year for 3 years | C7: 0 | D7: 6000 | E7: Annually typically between June-August
A8: Monitoring of stakeholders engagement plan; gender action plan and individual peoples’ plan | B8: None | C8: 0 | D8: 0 | E8: Throughout the project
A9: Supervision missions | B9: None | C9: 0 | D9: 0 | E9: Annually
A10: Independent Mid-term Review (MTR) | B10: 50000 | C10: 15000 | D10: 35000 | E10: 45170
A11: Independent Terminal Evaluation (TE) | B11: 50000 | C11: 15000 | D11: 35000 | E11: 45809
A12: TOTAL indicative COST* | B12: =SUM(C12:D12) -> 124000 | C12: =SUM(C4:C11) -> 34000 | D12: =SUM(D4:D11) -> 90000 | E12: Add to TBWP component 4

Sheet Co-financing_Details
B2: Year 1 | C2: Year 1 | D2: Year 1 | E2: Year 1 | F2: Year 1 | G2: Subtotal Y1 | H2: Year 2 | I2: Year 2 | J2: Year 2 | K2: Year 2 | L2: Year 2 | M2: Subtotal Y2 | N2: Year 3 | O2: Year 3 | P2: Year 3 | Q2: Year 3 | R2: Year 3 | S2: Subtotal Y3 | T2: Year 4 | U2: Year 4 | V2: Year 4 | W2: Year 4 | X2: Year 4 | Y2: Subtotal Y4 | Z2: GRAND TOTAL | AA2: TOTAL | AG2: TOTAL | AJ2: C2 - TA | AK2: C2 - INV | AL2: C2 - TOTAL
B3: C1 | C3: C2 | D3: C3 | E3: C4 | F3: PM | H3: C1 | I3: C2 | J3: C3 | K3: C4 | L3: PM | N3: C1 | O3: C2 | P3: C3 | Q3: C4 | R3: PM | T3: C1 | U3: C2 | V3: C3 | W3: C4 | X3: PM | AA3: C1 | AB3: C2 | AC3: C3 | AD3: C4 | AE3: Subtotal C1-C4 | AF3: PM
A4: GEF | B4: =Budget_UNDP!M$11 -> 79911 | C4: =Budget_UNDP!M$24 -> 41125 | D4: =Budget_UNDP!M$35 -> 66224 | E4: =Budget_UNDP!M$45 -> 79610 | F4: =Budget_UNDP!M$57 -> 21709 | G4: =SUM(B4:F4) -> 288579 | H4: =Budget_UNDP!N$11 -> 55325 | I4: =Budget_UNDP!N$24 -> 275609 | J4: =Budget_UNDP!N$35 -> 36224 | K4: =Budget_UNDP!N$45 -> 57344 | L4: =Budget_UNDP!N$57 -> 20770 | M4: =SUM(H4:L4) -> 445272 | N4: =Budget_UNDP!O$11 -> 12705 | O4: =Budget_UNDP!O$24 -> 10797 | P4: =Budget_UNDP!O$35 -> 58224 | Q4: =Budget_UNDP!O$45 -> 0 | R4: =Budget_UNDP!O$57 -> 20596 | S4: =SUM(N4:R4) -> 102322 | T4: =Budget_UNDP!P$11 -> 17000 | U4: =Budget_UNDP!P$24 -> 3297 | V4: =Budget_UNDP!P$35 -> 5500 | W4: =Budget_UNDP!P$45 -> 42000 | X4: =Budget_UNDP!P$57 -> 20596 | Y4: =SUM(T4:X4) -> 88393 | Z4: =G4+M4+S4+Y4 -> 924566 | AA4: =B4+H4+N4+T4 -> 164941 | AB4: =C4+I4+O4+U4 -> 330828 | AC4: =D4+J4+P4+V4 -> 166172 | AD4: =E4+K4+Q4+W4 -> 178954 | AE4: =SUM(AA4:AD4) -> 840895 | AF4: =F4+L4+R4+X4 -> 83671 | AG4: =SUM(AE4:AF4) -> 924566 | AH4: =AE4+AF4 -> 924566 | AJ4: =AB4-AK4 -> 65627 | AK4: 265201 | AL4: =AJ4+AK4 -> 330828
A5: UNDP (cash) | B5: =Budget_UNDP!M$14 -> 19400 | C5: =Budget_UNDP!M$29 -> 21315 | D5: =Budget_UNDP!M$37 -> 0 | E5: =Budget_UNDP!M$52 -> 69500 | F5: =Budget_UNDP!M$61 -> 32576 | G5: =SUM(B5:F5) -> 142791 | H5: =Budget_UNDP!N$14 -> 9600 | I5: =Budget_UNDP!N$29 -> 197034 | J5: =Budget_UNDP!N$37 -> 0 | K5: =Budget_UNDP!N$52 -> 46500 | L5: =Budget_UNDP!N$61 -> 25402 | M5: =SUM(H5:L5) -> 278536 | N5: =Budget_UNDP!O$14 -> 2800 | O5: =Budget_UNDP!O$29 -> 228409 | P5: =Budget_UNDP!O$37 -> 20000 | Q5: =Budget_UNDP!O$52 -> 5000 | R5: =Budget_UNDP!O$61 -> 25576 | S5: =SUM(N5:R5) -> 281785 | T5: =Budget_UNDP!P$14 -> 0 | U5: =Budget_UNDP!P$29 -> 6312 | V5: =Budget_UNDP!P$37 -> 20000 | W5: =Budget_UNDP!P$52 -> 45000 | X5: =Budget_UNDP!P$61 -> 25576 | Y5: =SUM(T5:X5) -> 96888 | Z5: =G5+M5+S5+Y5 -> 800000 | AA5: =B5+H5+N5+T5 -> 31800 | AB5: =C5+I5+O5+U5 -> 453070 | AC5: =D5+J5+P5+V5 -> 40000 | AD5: =E5+K5+Q5+W5 -> 166000 | AE5: =SUM(AA5:AD5) -> 690870 | AF5: =F5+L5+R5+X5 -> 109130 | AG5: =SUM(AE5:AF5) -> 800000 | AJ5: =AB5-AK5 -> 40921 | AK5: 412149 | AL5: =AJ5+AK5 -> 453070
A6: Subtotal (GEF+UNDP) | B6: =B4+B5 -> 99311 | C6: =C4+C5 -> 62440 | D6: =D4+D5 -> 66224 | E6: =E4+E5 -> 149110 | F6: =F4+F5 -> 54285 | G6: =SUM(B6:F6) -> 431370 | H6: =H4+H5 -> 64925 | I6: =I4+I5 -> 472643 | J6: =J4+J5 -> 36224 | K6: =K4+K5 -> 103844 | L6: =L4+L5 -> 46172 | M6: =SUM(H6:L6) -> 723808 | N6: =N4+N5 -> 15505 | O6: =O4+O5 -> 239206 | P6: =P4+P5 -> 78224 | Q6: =Q4+Q5 -> 5000 | R6: =R4+R5 -> 46172 | S6: =SUM(N6:R6) -> 384107 | T6: =T4+T5 -> 17000 | U6: =U4+U5 -> 9609 | V6: =V4+V5 -> 25500 | W6: =W4+W5 -> 87000 | X6: =X4+X5 -> 46172 | Y6: =SUM(T6:X6) -> 185281 | Z6: =G6+M6+S6+Y6 -> 1724566 | AA6: =AA4+AA5 -> 196741 | AB6: =AB4+AB5 -> 783898 | AC6: =AC4+AC5 -> 206172 | AD6: =AD4+AD5 -> 344954 | AE6: =SUM(AA6:AD6) -> 1531765 | AF6: =AF4+AF5 -> 192801 | AG6: =SUM(AE6:AF6) -> 1724566 | AJ6: =AJ4+AJ5 -> 106548 | AK6: =AK4+AK5 -> 677350 | AL6: =AJ6+AK6 -> 783898
A7: %age grant | G7: =G6/$Z6 -> 0.2501325 | M7: =M6/Z6 -> 0.41970444 | S7: =S6/Z6 -> 0.22272676 | Y7: =Y6/Z6 -> 0.10743631 | Z7: =G7+M7+S7+Y7 -> 1 | AA7: =AA6/$AG$6 -> 0.11408146 | AB7: =AB6/$AG$6 -> 0.45454798 | AC7: =AC6/$AG$6 -> 0.11955008 | AD7: =AD6/$AG$6 -> 0.20002366 | AE7: =SUM(AA7:AD7) -> 0.88820318 | AF7: =AF6/$AG$6 -> 0.11179682 | AG7: =AG6/$AG$6 -> 1 | AJ7: =(AJ4+AJ5)/(AL4+AL5) -> 0.13592074 | AK7: =(AK4+AK5)/(AL4+AL5) -> 0.86407926 | AL7: =AJ7+AK7 -> 1
A8: UNDP (grant) | B8: =$H25*$G$7*B25 -> 156147.74 | C8: =$H25*$G$7*C25 -> 312295.48 | D8: =$H25*$G$7*D25 -> 0 | E8: =$H25*$G$7*E25 -> 26024.623 | F8: =$H25*$G$7*F25 -> 26024.623 | G8: =SUM(B8:F8) -> 520492.46 | H8: =$H25*$M$7*B25 -> 262004.73 | I8: =$H25*$M$7*C25 -> 524009.47 | J8: =$H25*$M$7*D25 -> 0 | K8: =$H25*$M$7*E25 -> 43667.456 | L8: =$H25*$M$7*F25 -> 43667.456 | M8: =SUM(H8:L8) -> 873349.11 | N8: =$H25*$S$7*B25 -> 139039.43 | O8: =$H25*$S$7*C25 -> 278078.86 | P8: =$H25*$S$7*D25 -> 0 | Q8: =$H25*$S$7*E25 -> 23173.238 | R8: =$H25*$S$7*F25 -> 23173.238 | S8: =SUM(N8:R8) -> 463464.77 | T8: =$H25*$Y$7*B25 -> 67068.199 | U8: =$H25*$Y$7*C25 -> 134136.4 | V8: =$H25*$Y$7*D25 -> 0 | W8: =$H25*$Y$7*E25 -> 11178.033 | X8: =$H25*$Y$7*F25 -> 11178.033 | Y8: =SUM(T8:X8) -> 223560.66 | Z8: =G8+M8+S8+Y8 -> 2080867 | AA8: =B8+H8+N8+T8 -> 624260.1 | AB8: =C8+I8+O8+U8 -> 1248520.2 | AC8: =D8+J8+P8+V8 -> 0 | AD8: =E8+K8+Q8+W8 -> 104043.35 | AE8: =SUM(AA8:AD8) -> 1976823.6 | AF8: =F8+L8+R8+X8 -> 104043.35 | AG8: =SUM(AE8:AF8) -> 2080867 | AJ8: =$AB8*$AJ$7 -> 169699.8 | AK8: =$AB8*$AK$7 -> 1078820.4 | AL8: =AJ8+AK8 -> 1248520.2
A9: ABER (grant) | B9: =$H26*$G$7*B26 -> 234124.02 | C9: =$H26*$G$7*C26 -> 1820964.6 | D9: =$H26*$G$7*D26 -> 0 | E9: =$H26*$G$7*E26 -> 546289.37 | F9: =$H26*$G$7*F26 -> 0 | G9: =SUM(B9:F9) -> 2601378 | H9: =$H26*$M$7*B26 -> 392843.35 | I9: =$H26*$M$7*C26 -> 3055448.3 | J9: =$H26*$M$7*D26 -> 0 | K9: =$H26*$M$7*E26 -> 916634.49 | L9: =$H26*$M$7*F26 -> 0 | M9: =SUM(H9:L9) -> 4364926.1 | N9: =$H26*$S$7*B26 -> 208472.25 | O9: =$H26*$S$7*C26 -> 1621450.8 | P9: =$H26*$S$7*D26 -> 0 | Q9: =$H26*$S$7*E26 -> 486435.25 | R9: =$H26*$S$7*F26 -> 0 | S9: =SUM(N9:R9) -> 2316358.3 | T9: =$H26*$Y$7*B26 -> 100560.38 | U9: =$H26*$Y$7*C26 -> 782136.31 | V9: =$H26*$Y$7*D26 -> 0 | W9: =$H26*$Y$7*E26 -> 234640.89 | X9: =$H26*$Y$7*F26 -> 0 | Y9: =SUM(T9:X9) -> 1117337.6 | Z9: =G9+M9+S9+Y9 -> 10400000 | AA9: =B9+H9+N9+T9 -> 936000 | AB9: =C9+I9+O9+U9 -> 7280000 | AC9: =D9+J9+P9+V9 -> 0 | AD9: =E9+K9+Q9+W9 -> 2184000 | AE9: =SUM(AA9:AD9) -> 10400000 | AF9: =F9+L9+R9+X9 -> 0 | AG9: =SUM(AE9:AF9) -> 10400000 | AJ9: =$AB9*$AJ$7 -> 989503.02 | AK9: =$AB9*$AK$7 -> 6290497 | AL9: =AJ9+AK9 -> 7280000
A10: ABER (loan) | B10: =$H27*$G$7*B27 -> 0 | C10: =$H27*$G$7*C27 -> 11398538 | D10: =$H27*$G$7*D27 -> 0 | E10: =$H27*$G$7*E27 -> 4885087.7 | F10: =$H27*$G$7*F27 -> 0 | G10: =SUM(B10:F10) -> 16283626 | H10: =$H27*$M$7*B27 -> 0 | I10: =$H27*$M$7*C27 -> 19125931 | J10: =$H27*$M$7*D27 -> 0 | K10: =$H27*$M$7*E27 -> 8196827.6 | L10: =$H27*$M$7*F27 -> 0 | M10: =SUM(H10:L10) -> 27322759 | N10: =$H27*$S$7*B27 -> 0 | O10: =$H27*$S$7*C27 -> 10149659 | P10: =$H27*$S$7*D27 -> 0 | Q10: =$H27*$S$7*E27 -> 4349853.7 | R10: =$H27*$S$7*F27 -> 0 | S10: =SUM(N10:R10) -> 14499512 | T10: =$H27*$Y$7*B27 -> 0 | U10: =$H27*$Y$7*C27 -> 4895872.5 | V10: =$H27*$Y$7*D27 -> 0 | W10: =$H27*$Y$7*E27 -> 2098231.1 | X10: =$H27*$Y$7*F27 -> 0 | Y10: =SUM(T10:X10) -> 6994103.5 | Z10: =G10+M10+S10+Y10 -> 65100000 | AA10: =B10+H10+N10+T10 -> 0 | AB10: =C10+I10+O10+U10 -> 45570000 | AC10: =D10+J10+P10+V10 -> 0 | AD10: =E10+K10+Q10+W10 -> 19530000 | AE10: =SUM(AA10:AD10) -> 65100000 | AF10: =F10+L10+R10+X10 -> 0 | AG10: =SUM(AE10:AF10) -> 65100000 | AJ10: =$AB10*$AJ$7 -> 6193908.3 | AK10: =$AB10*$AK$7 -> 39376092 | AL10: =AJ10+AK10 -> 45570000
A11: AfDB (grant) | B11: =$H28*$G$7*B28 -> 605322.43 | C11: =$H28*$G$7*C28 -> 1815967.3 | D11: =$H28*$G$7*D28 -> 564967.6 | E11: =$H28*$G$7*E28 -> 847451.4 | F11: =$H28*$G$7*F28 -> 201774.14 | G11: =SUM(B11:F11) -> 4035482.9 | H11: =$H28*$M$7*B28 -> 1015687.7 | I11: =$H28*$M$7*C28 -> 3047063.2 | J11: =$H28*$M$7*D28 -> 947975.22 | K11: =$H28*$M$7*E28 -> 1421962.8 | L11: =$H28*$M$7*F28 -> 338562.58 | M11: =SUM(H11:L11) -> 6771251.5 | N11: =$H28*$S$7*B28 -> 539000.35 | O11: =$H28*$S$7*C28 -> 1617001.1 | P11: =$H28*$S$7*D28 -> 503067 | Q11: =$H28*$S$7*E28 -> 754600.49 | R11: =$H28*$S$7*F28 -> 179666.78 | S11: =SUM(N11:R11) -> 3593335.7 | T11: =$H28*$Y$7*B28 -> 259996.63 | U11: =$H28*$Y$7*C28 -> 779989.88 | V11: =$H28*$Y$7*D28 -> 242663.52 | W11: =$H28*$Y$7*E28 -> 363995.28 | X11: =$H28*$Y$7*F28 -> 86665.542 | Y11: =SUM(T11:X11) -> 1733310.8 | Z11: =G11+M11+S11+Y11 -> 16133381 | AA11: =B11+H11+N11+T11 -> 2420007.1 | AB11: =C11+I11+O11+U11 -> 7260021.4 | AC11: =D11+J11+P11+V11 -> 2258673.3 | AD11: =E11+K11+Q11+W11 -> 3388010 | AE11: =SUM(AA11:AD11) -> 15326712 | AF11: =F11+L11+R11+X11 -> 806669.05 | AG11: =SUM(AE11:AF11) -> 16133381 | AJ11: =$AB11*$AJ$7 -> 986787.52 | AK11: =$AB11*$AK$7 -> 6273233.9 | AL11: =AJ11+AK11 -> 7260021.4
A12: AfDB (loan) | B12: =$H29*$G$7*B29 -> 223618.45 | C12: =$H29*$G$7*C29 -> 670855.36 | D12: =$H29*$G$7*D29 -> 208710.56 | E12: =$H29*$G$7*E29 -> 313065.83 | F12: =$H29*$G$7*F29 -> 74539.484 | G12: =SUM(B12:F12) -> 1490789.7 | H12: =$H29*$M$7*B29 -> 375215.77 | I12: =$H29*$M$7*C29 -> 1125647.3 | J12: =$H29*$M$7*D29 -> 350201.38 | K12: =$H29*$M$7*E29 -> 525302.07 | L12: =$H29*$M$7*F29 -> 125071.92 | M12: =SUM(H12:L12) -> 2501438.4 | N12: =$H29*$S$7*B29 -> 199117.72 | O12: =$H29*$S$7*C29 -> 597353.17 | P12: =$H29*$S$7*D29 -> 185843.21 | Q12: =$H29*$S$7*E29 -> 278764.81 | R12: =$H29*$S$7*F29 -> 66372.575 | S12: =SUM(N12:R12) -> 1327451.5 | T12: =$H29*$Y$7*B29 -> 96048.057 | U12: =$H29*$Y$7*C29 -> 288144.17 | V12: =$H29*$Y$7*D29 -> 89644.853 | W12: =$H29*$Y$7*E29 -> 134467.28 | X12: =$H29*$Y$7*F29 -> 32016.019 | Y12: =SUM(T12:X12) -> 640320.38 | Z12: =G12+M12+S12+Y12 -> 5960000 | AA12: =B12+H12+N12+T12 -> 894000 | AB12: =C12+I12+O12+U12 -> 2682000 | AC12: =D12+J12+P12+V12 -> 834400 | AD12: =E12+K12+Q12+W12 -> 1251600 | AE12: =SUM(AA12:AD12) -> 5662000 | AF12: =F12+L12+R12+X12 -> 298000 | AG12: =SUM(AE12:AF12) -> 5960000 | AJ12: =$AB12*$AJ$7 -> 364539.44 | AK12: =$AB12*$AK$7 -> 2317460.6 | AL12: =AJ12+AK12 -> 2682000
A13: ECREEE (in-kind) | B13: =$H30*$G$7*B30 -> 18759.937 | C13: =$H30*$G$7*C30 -> 56279.812 | D13: =$H30*$G$7*D30 -> 17509.275 | E13: =$H30*$G$7*E30 -> 26263.912 | F13: =$H30*$G$7*F30 -> 6253.3124 | G13: =SUM(B13:F13) -> 125066.25 | H13: =$H30*$M$7*B30 -> 31477.833 | I13: =$H30*$M$7*C30 -> 94433.498 | J13: =$H30*$M$7*D30 -> 29379.311 | K13: =$H30*$M$7*E30 -> 44068.966 | L13: =$H30*$M$7*F30 -> 10492.611 | M13: =SUM(H13:L13) -> 209852.22 | N13: =$H30*$S$7*B30 -> 16704.507 | O13: =$H30*$S$7*C30 -> 50113.521 | P13: =$H30*$S$7*D30 -> 15590.873 | Q13: =$H30*$S$7*E30 -> 23386.31 | R13: =$H30*$S$7*F30 -> 5568.169 | S13: =SUM(N13:R13) -> 111363.38 | T13: =$H30*$Y$7*B30 -> 8057.7229 | U13: =$H30*$Y$7*C30 -> 24173.169 | V13: =$H30*$Y$7*D30 -> 7520.5414 | W13: =$H30*$Y$7*E30 -> 11280.812 | X13: =$H30*$Y$7*F30 -> 2685.9076 | Y13: =SUM(T13:X13) -> 53718.153 | Z13: =G13+M13+S13+Y13 -> 500000 | AA13: =B13+H13+N13+T13 -> 75000 | AB13: =C13+I13+O13+U13 -> 225000 | AC13: =D13+J13+P13+V13 -> 70000 | AD13: =E13+K13+Q13+W13 -> 105000 | AE13: =SUM(AA13:AD13) -> 475000 | AF13: =F13+L13+R13+X13 -> 25000 | AG13: =SUM(AE13:AF13) -> 500000 | AJ13: =$AB13*$AJ$7 -> 30582.168 | AK13: =$AB13*$AK$7 -> 194417.83 | AL13: =AJ13+AK13 -> 225000
A14: SIDA (grant) | B14: =$H31*$G$7*B31 -> 109520.33 | C14: =$H31*$G$7*C31 -> 328560.98 | D14: =$H31*$G$7*D31 -> 102218.97 | E14: =$H31*$G$7*E31 -> 153328.46 | F14: =$H31*$G$7*F31 -> 36506.775 | G14: =SUM(B14:F14) -> 730135.51 | H14: =$H31*$M$7*B31 -> 183767.27 | I14: =$H31*$M$7*C31 -> 551301.82 | J14: =$H31*$M$7*D31 -> 171516.12 | K14: =$H31*$M$7*E31 -> 257274.18 | L14: =$H31*$M$7*F31 -> 61255.757 | M14: =SUM(H14:L14) -> 1225115.1 | N14: =$H31*$S$7*B31 -> 97520.745 | O14: =$H31*$S$7*C31 -> 292562.24 | P14: =$H31*$S$7*D31 -> 91019.362 | Q14: =$H31*$S$7*E31 -> 136529.04 | R14: =$H31*$S$7*F31 -> 32506.915 | S14: =SUM(N14:R14) -> 650138.3 | T14: =$H31*$Y$7*B31 -> 47040.906 | U14: =$H31*$Y$7*C31 -> 141122.72 | V14: =$H31*$Y$7*D31 -> 43904.845 | W14: =$H31*$Y$7*E31 -> 65857.268 | X14: =$H31*$Y$7*F31 -> 15680.302 | Y14: =SUM(T14:X14) -> 313606.04 | Z14: =G14+M14+S14+Y14 -> 2918995 | AA14: =B14+H14+N14+T14 -> 437849.25 | AB14: =C14+I14+O14+U14 -> 1313547.8 | AC14: =D14+J14+P14+V14 -> 408659.3 | AD14: =E14+K14+Q14+W14 -> 612988.95 | AE14: =SUM(AA14:AD14) -> 2773045.2 | AF14: =F14+L14+R14+X14 -> 145949.75 | AG14: =SUM(AE14:AF14) -> 2918995 | AJ14: =$AB14*$AJ$7 -> 178538.39 | AK14: =$AB14*$AK$7 -> 1135009.4 | AL14: =AJ14+AK14 -> 1313547.8
A15: UNCDF (grant) | B15: =$H32*$G$7*B32 -> 0 | C15: =$H32*$G$7*C32 -> 0 | D15: =$H32*$G$7*D32 -> 150079.5 | E15: =$H32*$G$7*E32 -> 0 | F15: =$H32*$G$7*F32 -> 0 | G15: =SUM(B15:F15) -> 150079.5 | H15: =$H32*$M$7*B32 -> 0 | I15: =$H32*$M$7*C32 -> 0 | J15: =$H32*$M$7*D32 -> 251822.66 | K15: =$H32*$M$7*E32 -> 0 | L15: =$H32*$M$7*F32 -> 0 | M15: =SUM(H15:L15) -> 251822.66 | N15: =$H32*$S$7*B32 -> 0 | O15: =$H32*$S$7*C32 -> 0 | P15: =$H32*$S$7*D32 -> 133636.06 | Q15: =$H32*$S$7*E32 -> 0 | R15: =$H32*$S$7*F32 -> 0 | S15: =SUM(N15:R15) -> 133636.06 | T15: =$H32*$Y$7*B32 -> 0 | U15: =$H32*$Y$7*C32 -> 0 | V15: =$H32*$Y$7*D32 -> 64461.783 | W15: =$H32*$Y$7*E32 -> 0 | X15: =$H32*$Y$7*F32 -> 0 | Y15: =SUM(T15:X15) -> 64461.783 | Z15: =G15+M15+S15+Y15 -> 600000 | AA15: =B15+H15+N15+T15 -> 0 | AB15: =C15+I15+O15+U15 -> 0 | AC15: =D15+J15+P15+V15 -> 600000 | AD15: =E15+K15+Q15+W15 -> 0 | AE15: =SUM(AA15:AD15) -> 600000 | AF15: =F15+L15+R15+X15 -> 0 | AG15: =SUM(AE15:AF15) -> 600000 | AJ15: =$AB15*$AJ$7 -> 0 | AK15: =$AB15*$AK$7 -> 0 | AL15: =AJ15+AK15 -> 0
A16: TOTAL Cofi | B16: =SUM(B8:B15) -> 1347492.9 | G16: =SUM(G8:G15) -> 25937050 | M16: =SUM(M8:M15) -> 43520514 | S16: =SUM(S8:S15) -> 23095260 | Y16: =SUM(Y8:Y15) -> 11140419 | Z16: =G16+M16+S16+Y16 -> 1.0369324e+08 | AA16: =SUM(AA8:AA15) -> 5387116.5 | AB16: =SUM(AB8:AB15) -> 65579089 | AC16: =SUM(AC8:AC15) -> 4171732.6 | AD16: =SUM(AD8:AD15) -> 27175642 | AE16: =SUM(AA16:AD16) -> 1.0231358e+08 | AF16: =SUM(AF8:AF15) -> 1379662.1 | AG16: =SUM(AE16:AF16) -> 1.0369324e+08 | AJ16: =SUM(AJ8:AJ15) -> 8913558.7 | AK16: =SUM(AK8:AK15) -> 56665531 | AL16: =AJ16+AK16 -> 65579089
A17: Total Cofi + UNDP cash | G17: =G16+G5 -> 26079841 | M17: =M16+M5 -> 43799050 | S17: =S16+S5 -> 23377045 | Y17: =Y16+Y5 -> 11237307 | Z17: =G17+M17+S17+Y17 -> 1.0449324e+08 | AA17: =AA16+AA5 -> 5418916.5 | AB17: =AB16+AB5 -> 66032159 | AC17: =AC16+AC5 -> 4211732.6 | AD17: =AD16+AD5 -> 27341642 | AE17: =SUM(AA17:AD17) -> 1.0300445e+08 | AF17: =AF16+AF5 -> 1488792.1 | AG17: =SUM(AE17:AF17) -> 1.0449324e+08 | AJ17: =AJ16+AJ5 -> 8954479.7 | AK17: =AK16+AK5 -> 57077680 | AL17: =AJ17+AK17 -> 66032159
A18: Total Cofi + UNDP cash + GEF | G18: =G17+G4 -> 26368420 | M18: =M17+M4 -> 44244322 | S18: =S17+S4 -> 23479367 | Y18: =Y17+Y4 -> 11325700 | Z18: =G18+M18+S18+Y18 -> 1.0541781e+08 | AA18: =AA17+AA4 -> 5583857.5 | AB18: =AB17+AB4 -> 66362987 | AC18: =AC17+AC4 -> 4377904.6 | AD18: =AD17+AD4 -> 27520596 | AE18: =SUM(AA18:AD18) -> 1.0384535e+08 | AF18: =AF17+AF4 -> 1572463.1 | AG18: =SUM(AE18:AF18) -> 1.0541781e+08 | AJ18: =AJ17+AJ4 -> 9020106.7 | AK18: =AK17+AK4 -> 57342881 | AL18: =AJ18+AK18 -> 66362987
AH23: =AG17-48100000 -> 56393243
B24: C1 | C24: C2 | D24: C3 | E24: C4 | F24: PM
A25: UNDP (grant) - % | B25: 0.3 | C25: 0.6 | D25: 0 | E25: 0.05 | F25: 0.05 | G25: =SUM(B25:F25) -> 1 | H25: 2080867
A26: ABER (grant) - % | B26: 0.09 | C26: 0.7 | D26: 0 | E26: 0.21 | F26: 0 | G26: =SUM(B26:F26) -> 1 | H26: 10400000
A27: ABER (loan) - % | B27: 0 | C27: 0.7 | D27: 0 | E27: 0.3 | F27: 0 | G27: =SUM(B27:F27) -> 1 | H27: 65100000 | I27: =H26+H27 -> 75500000
A28: AfDB (grant) - % | B28: 0.15 | C28: 0.45 | D28: 0.14 | E28: =1-B28-C28-D28-F28 -> 0.21 | F28: 0.05 | G28: =SUM(B28:F28) -> 1 | H28: =(27660000*4/7)+(983000/3) -> 16133381 | K28: =H28-327666 -> 15805715
A29: AfDB (loan) - % | B29: 0.15 | C29: 0.45 | D29: 0.14 | E29: =1-B29-C29-D29-F29 -> 0.21 | F29: 0.05 | G29: =SUM(B29:F29) -> 1 | H29: =10430000*4/7 -> 5960000 | I29: =H28+H29 -> 22093381
A30: ECREEE (in-kind) - % | B30: 0.15 | C30: 0.45 | D30: 0.14 | E30: =1-B30-C30-D30-F30 -> 0.21 | F30: 0.05 | G30: =SUM(B30:F30) -> 1 | H30: 500000
A31: SIDA (grant) - % | B31: 0.15 | C31: 0.45 | D31: 0.14 | E31: =1-B31-C31-D31-F31 -> 0.21 | F31: 0.05 | G31: =SUM(B31:F31) -> 1 | H31: 2918995
A32: UNCDF (grant) - % | B32: 0 | C32: 0 | D32: 1 | E32: 0 | F32: 0 | G32: =SUM(B32:F32) -> 1 | H32: 600000
B34: =SUM(B25:B32) -> 0.99 | C34: =SUM(C25:C32) -> 3.8 | D34: =SUM(D25:D32) -> 1.56 | E34: =SUM(E25:E32) -> 1.4 | F34: =SUM(F25:F32) -> 0.25 | G34: =SUM(G25:G32) -> 8 | H34: =SUM(H25:H32) -> 1.0369324e+08
H36: 1724566
H37: =SUM(H34:H36) -> 1.0541781e+08

Sheet Co-financing_Summary
B1: Amount | C1: Amount | D1: Amount | E1: Amount | F1: Total
B2: Year 1 (USD) | C2: Year 2 (USD) | D2: Year 3 (USD) | E2: Year 4 (USD) | F2: (USD)
A3: GEF grant administered by UNDP | B3: ='Co-financing_Details'!G4 -> 288579 | C3: ='Co-financing_Details'!M4 -> 445272 | D3: ='Co-financing_Details'!S4 -> 102322 | E3: ='Co-financing_Details'!Y4 -> 88393 | F3: =SUM(B3:E3) -> 924566
A4: Grant (cash) co-finance by GEF Agency: UNDP | B4: ='Co-financing_Details'!G5 -> 142791 | C4: ='Co-financing_Details'!M5 -> 278536 | D4: ='Co-financing_Details'!S5 -> 281785 | E4: ='Co-financing_Details'!Y5 -> 96888 | F4: =SUM(B4:E4) -> 800000
A5: UNDP (grant) | B5: ='Co-financing_Details'!$G8 -> 520492.46 | C5: ='Co-financing_Details'!$M8 -> 873349.11 | D5: ='Co-financing_Details'!$S8 -> 463464.77 | E5: ='Co-financing_Details'!$Y8 -> 223560.66 | F5: =SUM(B5:E5) -> 2080867
A6: Rural Electrification Agency ABER (grant) | B6: ='Co-financing_Details'!$G9 -> 2601378 | C6: ='Co-financing_Details'!$M9 -> 4364926.1 | D6: ='Co-financing_Details'!$S9 -> 2316358.3 | E6: ='Co-financing_Details'!$Y9 -> 1117337.6 | F6: =SUM(B6:E6) -> 10400000
A7: Rural Electrification Agency ABER (loan) | B7: ='Co-financing_Details'!$G10 -> 16283626 | C7: ='Co-financing_Details'!$M10 -> 27322759 | D7: ='Co-financing_Details'!$S10 -> 14499512 | E7: ='Co-financing_Details'!$Y10 -> 6994103.5 | F7: =SUM(B7:E7) -> 65100000
A8: African Development Bank (grant) | B8: ='Co-financing_Details'!$G11 -> 4035482.9 | C8: ='Co-financing_Details'!$M11 -> 6771251.5 | D8: ='Co-financing_Details'!$S11 -> 3593335.7 | E8: ='Co-financing_Details'!$Y11 -> 1733310.8 | F8: =SUM(B8:E8) -> 16133381
A9: African Development Bank (loan) | B9: ='Co-financing_Details'!$G12 -> 1490789.7 | C9: ='Co-financing_Details'!$M12 -> 2501438.4 | D9: ='Co-financing_Details'!$S12 -> 1327451.5 | E9: ='Co-financing_Details'!$Y12 -> 640320.38 | F9: =SUM(B9:E9) -> 5960000
A10: ECREEE (in-kind) | B10: ='Co-financing_Details'!$G13 -> 125066.25 | C10: ='Co-financing_Details'!$M13 -> 209852.22 | D10: ='Co-financing_Details'!$S13 -> 111363.38 | E10: ='Co-financing_Details'!$Y13 -> 53718.153 | F10: =SUM(B10:E10) -> 500000
A11: SIDA (grant) | B11: ='Co-financing_Details'!$G14 -> 730135.51 | C11: ='Co-financing_Details'!$M14 -> 1225115.1 | D11: ='Co-financing_Details'!$S14 -> 650138.3 | E11: ='Co-financing_Details'!$Y14 -> 313606.04 | F11: =SUM(B11:E11) -> 2918995
A12: UNCDF (grant) | B12: ='Co-financing_Details'!$G15 -> 150079.5 | C12: ='Co-financing_Details'!$M15 -> 251822.66 | D12: ='Co-financing_Details'!$S15 -> 133636.06 | E12: ='Co-financing_Details'!$Y15 -> 64461.783 | F12: =SUM(B12:E12) -> 600000
A13: TOTAL | B13: =SUM(B3:B12) -> 26368420 | C13: =SUM(C3:C12) -> 44244322 | D13: =SUM(D3:D12) -> 23479367 | E13: =SUM(E3:E12) -> 11325700 | F13: =SUM(F3:F12) -> 1.0541781e+08

Sheet Constraints
A3: GEF Grant | B3: 924566
A4: UNDP Cash Co-financing | B4: 800000 | C4: As follow: Y1= USD 120,68; Y2=USD 280,536; Y3=USD 299,088; Y4=USD 99,688
A5: TOTAL PROJECT BUDGET | B5: =SUM(B3:B4) -> 1724566
A7: Max GEF PMC allowed | B7: 84051 | C7: 10% of GEF grant (PMC= Grant - (Grant/1.10)) | D7: =B3-(B3/1.1) -> 84051.455
A8: Max GEF Supplies and Miscellaneous | B8: 23429 | C8: Less than 2.6% of GEF grant | D8: =B3-(B3/1.05) -> 44026.952
A9: Max GEF M&E | B9: 44026 | C9: Less than 5% of GEF grant | D9: =B3-(B3/1.026) -> 23429.548
B27: Année 4 : USD 99,688
